Workbook
Name Print_Area: '10-2'!$A$1:$N$43
Name Print_Area: '10-2(續一)'!$A$1:$N$40
Name Print_Area: '10-2(續七)'!$A$1:$N$43
Name Print_Area: '10-2(續九)'!$A$1:$N$43
Name Print_Area: '10-2(續二)'!$A$1:$N$43
Name Print_Area: '10-2(續二十)'!$A$1:$N$40
Name Print_Area: '10-2(續二十一)'!$A$1:$N$40
Name Print_Area: '10-2(續二十七完)'!$A$1:$N$41
Name Print_Area: '10-2(續二十二)'!$A$1:$N$40
Name Print_Area: '10-2(續二十三)'!$A$1:$N$40
Name Print_Area: '10-2(續二十五)'!$A$1:$N$42
Name Print_Area: '10-2(續二十六)'!$A$1:$N$41
Name Print_Area: '10-2(續二十四)'!$A$1:$N$40
Name Print_Area: '10-2(續八)'!$A$1:$N$43
Name Print_Area: '10-2(續十)'!$A$1:$N$43
Name Print_Area: '10-2(續十一)'!$A$1:$N$43
Name Print_Area: '10-2(續十七)'!$A$1:$N$40
Name Print_Area: '10-2(續十九)'!$A$1:$N$40
Name Print_Area: '10-2(續十二)'!$A$1:$N$43
Name Print_Area: '10-2(續十八)'!$A$1:$N$40
Name Print_Area: '10-2(續十三)'!$A$1:$N$43
Name Print_Area: '10-2(續十五)'!$A$1:$N$42
Name Print_Area: '10-2(續十六)'!$A$1:$N$40
Name Print_Area: '10-2(續十四)'!$A$1:$N$43
Name Print_Area: '10-2(續三)'!$A$1:$N$43
Name Print_Area: '10-2(續五)'!$A$1:$N$43
Name Print_Area: '10-2(續六)'!$A$1:$N$43
Name Print_Area: '10-2(續四)'!$A$1:$N$43
Name 外部資料_1: '10-2'!$A$1:$N$43
Name 外部資料_1: '10-2(續一)'!$A$1:$N$40
Name 外部資料_1: '10-2(續七)'!$A$1:$N$43
Name 外部資料_1: '10-2(續九)'!$A$1:$N$43
Name 外部資料_1: '10-2(續二)'!$A$1:$N$43
Name 外部資料_1: '10-2(續二十)'!$A$1:$N$40
Name 外部資料_1: '10-2(續二十一)'!$A$1:$N$40
Name 外部資料_1: '10-2(續二十七完)'!$A$1:$N$41
Name 外部資料_1: '10-2(續二十二)'!$A$1:$N$40
Name 外部資料_1: '10-2(續二十三)'!$A$1:$N$40
Name 外部資料_1: '10-2(續二十五)'!$A$1:$Q$41
Name 外部資料_1: '10-2(續二十六)'!$A$1:$N$41
Name 外部資料_1: '10-2(續二十四)'!$A$1:$N$40
Name 外部資料_1: '10-2(續八)'!$A$1:$N$43
Name 外部資料_1: '10-2(續十)'!$A$1:$N$43
Name 外部資料_1: '10-2(續十一)'!$A$1:$N$43
Name 外部資料_1: '10-2(續十七)'!$A$1:$N$40
Name 外部資料_1: '10-2(續十九)'!$A$1:$N$40
Name 外部資料_1: '10-2(續十二)'!$A$1:$N$43
Name 外部資料_1: '10-2(續十八)'!$A$1:$N$40
Name 外部資料_1: '10-2(續十三)'!$A$1:$N$43
Name 外部資料_1: '10-2(續十五)'!$A$1:$N$42
Name 外部資料_1: '10-2(續十六)'!$A$1:$N$40
Name 外部資料_1: '10-2(續十四)'!$A$1:$N$43
Name 外部資料_1: '10-2(續三)'!$A$1:$N$43
Name 外部資料_1: '10-2(續五)'!$A$1:$N$43
Name 外部資料_1: '10-2(續六)'!$A$1:$N$43
Name 外部資料_1: '10-2(續四)'!$A$1:$N$43

Sheet 10-2
A1: 10-2 金融機構損益簡表
A2: 10-2 Abridged Income Statement
A3: （１）本國銀行（全行）Domestic Banks (All Branches)
D4: 115年 1 - 8月 | G4: Jan. - Aug. 2026 | N4: 單位：新臺幣百萬元 NT$ Million
A5: 銀 行 別 by Bank | B5: 收 益 Revenues and Gains | G5: 費 損 Expenses and Losses | M5: 其他 | N5: 稅前
B6: 總計 | C6: 利息 | D6: 手續費 | E6: 透過損益按公允價值衡量 | F6: 其他 | G6: 總計 | H6: 利息 | I6: 手續費 | J6: 透過損益按公允價值衡量 | K6: 員工福 | L6: 其他 | M6: 損益 | N6: 損益
C7: 收入 | D7: 收入 | E7: 之金融資產及負債利益 | F7: 收益 | H7: 費用 | I7: 費用 | J7: 之金融資產及負債損失 | K7: 利費用 | L7: 費損 | N7: Income
B8: Total | C8: Interest | D8: Service | E8: Gains of Financial Assets | F8: Others | G8: Total | H8: Interest | I8: Service | J8: Losses of Financial Assets | K8: Employee | L8: Others | M8: Other | N8: before
C9: Income | D9: Revenue | E9: and Liabilities at Fair Value | H9: Expense | I9: Expense | J9: and Liabilities at Fair Value | K9: Benefit | M9: Gains | N9: Income
E10: through Profit or Loss | J10: through Profit or Loss | K10: Expense | M10: and Loses | N10: Tax
A11: 總 計 | B11: 2949672 | C11: 1300476 | D11: 303021 | E11: 977207 | F11: 368969 | G11: 2464299 | H11: 762343 | I11: 48243 | J11: 662923 | K11: 241655 | L11: 749134 | M11: 0 | N11: 485373
A12: Total
A13: 臺灣銀行 # | B13: 607879 | C13: 95019 | D13: 4173 | E13: 259016 | F13: 249671 | G13: 582118 | H13: 63082 | I13: 759 | J13: 36813 | K13: 10068 | L13: 471396 | M13: 0 | N13: 25762
A14: Bank of Taiwan
A15: 臺灣土地銀行 | B15: 71907 | C15: 58352 | D15: 3174 | E15: 6142 | F15: 4239 | G15: 57014 | H15: 36873 | I15: 709 | J15: 4089 | K15: 7054 | L15: 8289 | M15: 0 | N15: 14893
A16: Land Bank of Taiwan
A17: 合作金庫商業銀行 # | B17: 103220 | C17: 72574 | D17: 9811 | E17: 16571 | F17: 4265 | G17: 83464 | H17: 48078 | I17: 1539 | J17: 7524 | K17: 12384 | L17: 13939 | M17: 0 | N17: 19756
A18: Taiwan Cooperative Bank
A19: 第一商業銀行 # | B19: 188216 | C19: 80273 | D19: 13554 | E19: 71648 | F19: 22741 | G19: 163026 | H19: 57028 | I19: 2858 | J19: 60956 | K19: 12917 | L19: 29267 | M19: 0 | N19: 25190
A20: First Commercial Bank
A21: 華南商業銀行 # | B21: 107930 | C21: 65509 | D21: 13591 | E21: 24788 | F21: 4042 | G21: 85339 | H21: 43989 | I21: 1385 | J21: 17406 | K21: 13084 | L21: 9475 | M21: 0 | N21: 22591
A22: Hua Nan Commercial Bank, Ltd.
A23: 彰化商業銀行 | B23: 90871 | C23: 54212 | D23: 8356 | E23: 24117 | F23: 4185 | G23: 72941 | H23: 33832 | I23: 1658 | J23: 20345 | K23: 9686 | L23: 7420 | M23: 0 | N23: 17929
A24: Chang Hwa Commercial Bank
A25: 上海商業儲蓄銀行 | B25: 44561 | C25: 26275 | D25: 4161 | E25: 6732 | F25: 7393 | G25: 28894 | H25: 13859 | I25: 568 | J25: 6441 | K25: 3547 | L25: 4479 | M25: 0 | N25: 15667
A26: The Shanghai Commercial & Savings Bank, Ltd.
A27: 台北富邦銀行 # | B27: 194397 | C27: 88254 | D27: 25546 | E27: 74781 | F27: 5816 | G27: 154637 | H27: 50787 | I27: 3492 | J27: 68800 | K27: 14385 | L27: 17173 | M27: 0 | N27: 39760
A28: Taipei Fubon Commercial Bank Co., Ltd
A29: 國泰世華商業銀行 # | B29: 185204 | C29: 86354 | D29: 33925 | E29: 60153 | F29: 4772 | G29: 142967 | H29: 37046 | I29: 7354 | J29: 54106 | K29: 18522 | L29: 25939 | M29: 0 | N29: 42237
A30: Cathay United Bank
A31: 中國輸出入銀行 | B31: 5928 | C31: 5054 | D31: 109 | E31: 405 | F31: 360 | G31: 4635 | H31: 2535 | I31: 27 | J31: 760 | K31: 302 | L31: 1010 | M31: 0 | N31: 1293
A32: The Export-Import Bank of The Republic of China
A33: 高雄銀行 | B33: 7335 | C33: 5817 | D33: 665 | E33: 440 | F33: 412 | G33: 6096 | H33: 3285 | I33: 53 | J33: 284 | K33: 1272 | L33: 1203 | M33: 0 | N33: 1239
A34: Bank of Kaohsiung
A35: 兆豐國際商業銀行 # | B35: 103440 | C35: 79773 | D35: 8347 | E35: 10520 | F35: 4800 | G35: 76333 | H35: 51331 | I35: 1359 | J35: 2155 | K35: 12334 | L35: 9155 | M35: 0 | N35: 27107
A36: Mega International Commercial Bank Co., Ltd.
A37: 資料來源：金融機構申報資料（自結數）。
A38: 說 明：1.#係金融控股公司之子公司。
A39: 2.至115年8月止，38家本國銀行放款及催收款之備抵呆帳餘額為653,270百萬元，115年1至8月轉銷呆帳37,140百萬元。
A41: 115年 | B41: 8月 | C41: 38 | D41: 653270 | E41: 37140
D42: =TEXT(D41,"##,##0") -> 653,270 | E42: =TEXT(E41,"##,##0") -> 37,140

Sheet 10-2(續一)
A1: 10-2 金融機構損益簡表（續一）
A2: 10-2 Abridged Income Statement（Cont.1）
A3: （１）本國銀行（全行）Domestic Banks (All Branches)
D4: ='10-2'!D4:F4 -> 115年 1 - 8月 | G4: ='10-2'!G4:J4 -> Jan. - Aug. 2026 | N4: 單位：新臺幣百萬元 NT$ Million
A5: 銀 行 別 by Bank | B5: 收 益 Revenues and Gains | G5: 費 損 Expenses and Losses | M5: 其他 | N5: 稅前
B6: 總計 | C6: 利息 | D6: 手續費 | E6: 透過損益按公允價值衡量 | F6: 其他 | G6: 總計 | H6: 利息 | I6: 手續費 | J6: 透過損益按公允價值衡量 | K6: 員工福 | L6: 其他 | M6: 損益 | N6: 損益
C7: 收入 | D7: 收入 | E7: 之金融資產及負債利益 | F7: 收益 | H7: 費用 | I7: 費用 | J7: 之金融資產及負債損失 | K7: 利費用 | L7: 費損 | N7: Income
B8: Total | C8: Interest | D8: Service | E8: Gains of Financial Assets | F8: Others | G8: Total | H8: Interest | I8: Service | J8: Losses of Financial Assets | K8: Employee | L8: Others | M8: Other | N8: before
C9: Income | D9: Revenue | E9: and Liabilities at Fair Value | H9: Expense | I9: Expense | J9: and Liabilities at Fair Value | K9: Benefit | M9: Gains | N9: Income
E10: through Profit or Loss | J10: through Profit or Loss | K10: Expense | M10: and Loses | N10: Tax
A11: 花旗(台灣)商業銀行 | B11: 19787 | C11: 9737 | D11: 2814 | E11: 543 | F11: 6693 | G11: 9941 | H11: 3350 | I11: 626 | J11: 1606 | K11: 1559 | L11: 2800 | M11: 0 | N11: 9846
A12: Citibank Taiwan Ltd.
A13: 王道商業銀行 | B13: 21882 | C13: 7816 | D13: 806 | E13: 11400 | F13: 1861 | G13: 19514 | H13: 5320 | I13: 112 | J13: 10679 | K13: 1618 | L13: 1786 | M13: 0 | N13: 2368
A14: O-Bank Co., Ltd.
A15: 臺灣中小企業銀行 | B15: 53413 | C15: 40093 | D15: 5262 | E15: 4859 | F15: 3199 | G15: 40999 | H15: 25053 | I15: 363 | J15: 2240 | K15: 7094 | L15: 6248 | M15: 0 | N15: 12414
A16: Taiwan Business Bank
A17: 渣打國際商業銀行 | B17: 26820 | C17: 12775 | D17: 7289 | E17: 6400 | F17: 357 | G17: 20999 | H17: 8647 | I17: 990 | J17: 3160 | K17: 3999 | L17: 4203 | M17: 0 | N17: 5821
A18: Standard Chartered Bank (Taiwan) Limited
A19: 台中商業銀行 | B19: 30444 | C19: 17624 | D19: 2944 | E19: 7373 | F19: 2502 | G19: 22956 | H19: 8997 | I19: 124 | J19: 6694 | K19: 3654 | L19: 3486 | M19: 0 | N19: 7488
A20: Taichung Commercial Bank
A21: 京城商業銀行 # | B21: 10908 | C21: 6860 | D21: 1613 | E21: 1600 | F21: 835 | G21: 5282 | H21: 2553 | I21: 60 | J21: 1622 | K21: 936 | L21: 111 | M21: 0 | N21: 5626
A22: Kings Town Bank
A23: 滙豐(台灣)商業銀行 | B23: 89869 | C23: 11807 | D23: 11083 | E23: 64189 | F23: 2791 | G23: 78195 | H23: 6501 | I23: 2568 | J23: 60364 | K23: 3475 | L23: 5287 | M23: 0 | N23: 11674
A24: HSBC Bank(Taiwan) Ltd.
A25: 瑞興商業銀行 | B25: 1968 | C25: 1757 | D25: 136 | E25: 24 | F25: 52 | G25: 1730 | H25: 848 | I25: 10 | J25: 9 | K25: 325 | L25: 539 | M25: 0 | N25: 238
A26: Taipei Star Bank
A27: 華泰商業銀行 | B27: 5480 | C27: 4878 | D27: 366 | E27: 120 | F27: 117 | G27: 4227 | H27: 2240 | I27: 25 | J27: 100 | K27: 850 | L27: 1011 | M27: 0 | N27: 1253
A28: Hwatai Bank
A29: 臺灣新光商業銀行 # | B29: 42942 | C29: 22997 | D29: 5088 | E29: 13242 | F29: 1615 | G29: 34587 | H29: 13242 | I29: 995 | J29: 11588 | K29: 4090 | L29: 4671 | M29: 0 | N29: 8355
A30: Taiwan Shin Kong Commercial Bank
A31: 陽信商業銀行 | B31: 18056 | C31: 14499 | D31: 1720 | E31: 1223 | F31: 615 | G31: 13155 | H31: 8329 | I31: 188 | J31: 672 | K31: 2175 | L31: 1791 | M31: 0 | N31: 4901
A32: Sunny Bank Ltd.
A33: 板信商業銀行 | B33: 7427 | C33: 6228 | D33: 852 | E33: 112 | F33: 235 | G33: 5883 | H33: 3387 | I33: 36 | J33: 24 | K33: 1195 | L33: 1241 | M33: 0 | N33: 1544
A34: Bank of Panhsin
A35: 三信商業銀行 | B35: 4925 | C35: 3847 | D35: 410 | E35: 549 | F35: 118 | G35: 3675 | H35: 1704 | I35: 19 | J35: 116 | K35: 1177 | L35: 659 | M35: 0 | N35: 1250
A36: Cota Bank
A37: Source：Provided by individual institution.
A38: Note：# refer to the subsidary of financial holding companies.
D42: =TEXT(D41,"##,##0") -> 0 | E42: =TEXT(E41,"##,##0") -> 0

Sheet 10-2(續二)
A1: 10-2 金融機構損益簡表（續二）
A2: 10-2 Abridged Income Statement（Cont.2）
A3: （１）本國銀行（全行）Domestic Banks (All Branches)
D4: ='10-2'!D4:F4 -> 115年 1 - 8月 | G4: ='10-2'!G4:J4 -> Jan. - Aug. 2026 | N4: 單位：新臺幣百萬元 NT$ Million
A5: 銀 行 別 by Bank | B5: 收 益 Revenues and Gains | G5: 費 損 Expenses and Losses | M5: 其他 | N5: 稅前
B6: 總計 | C6: 利息 | D6: 手續費 | E6: 透過損益按公允價值衡量 | F6: 其他 | G6: 總計 | H6: 利息 | I6: 手續費 | J6: 透過損益按公允價值衡量 | K6: 員工福 | L6: 其他 | M6: 損益 | N6: 損益
C7: 收入 | D7: 收入 | E7: 之金融資產及負債利益 | F7: 收益 | H7: 費用 | I7: 費用 | J7: 之金融資產及負債損失 | K7: 利費用 | L7: 費損 | N7: Income
B8: Total | C8: Interest | D8: Service | E8: Gains of Financial Assets | F8: Others | G8: Total | H8: Interest | I8: Service | J8: Losses of Financial Assets | K8: Employee | L8: Others | M8: Other | N8: before
C9: Income | D9: Revenue | E9: and Liabilities at Fair Value | H9: Expense | I9: Expense | J9: and Liabilities at Fair Value | K9: Benefit | M9: Gains | N9: Income
E10: through Profit or Loss | J10: through Profit or Loss | K10: Expense | M10: and Loses | N10: Tax
A11: 聯邦商業銀行 | B11: 27829 | C11: 16350 | D11: 5903 | E11: 3443 | F11: 2133 | G11: 22442 | H11: 9129 | I11: 2451 | J11: 2138 | K11: 3413 | L11: 5312 | M11: 0 | N11: 5387
A12: Union Bank of Taiwan
A13: 遠東國際商業銀行 | B13: 30038 | C13: 14160 | D13: 2764 | E13: 12307 | F13: 806 | G13: 26202 | H13: 9137 | I13: 594 | J13: 10770 | K13: 3359 | L13: 2343 | M13: 0 | N13: 3836
A14: Far Eastern International Bank
A15: 元大商業銀行 # | B15: 76633 | C15: 34556 | D15: 8435 | E15: 29789 | F15: 3853 | G15: 63786 | H15: 18659 | I15: 1243 | J15: 28927 | K15: 7762 | L15: 7195 | M15: 0 | N15: 12847
A16: Yuanta Commercial Bank Co., Ltd.
A17: 永豐商業銀行 # | B17: 119583 | C17: 55200 | D17: 11228 | E17: 45694 | F17: 7462 | G17: 99142 | H17: 31193 | I17: 1891 | J17: 40675 | K17: 10709 | L17: 14674 | M17: 0 | N17: 20441
A18: Bank SinoPac Company Limited
A19: 玉山商業銀行 # | B19: 151408 | C19: 78848 | D19: 23660 | E19: 44042 | F19: 4859 | G19: 121713 | H19: 46982 | I19: 3221 | J19: 37011 | K19: 13117 | L19: 21382 | M19: 0 | N19: 29695
A20: E.Sun Commercial Bank, Ltd.
A21: 凱基商業銀行 # | B21: 41014 | C21: 18845 | D21: 3105 | E21: 17461 | F21: 1603 | G21: 35571 | H21: 10031 | I21: 375 | J21: 16936 | K21: 3881 | L21: 4349 | M21: 0 | N21: 5443
A22: KGI Bank
A23: 星展(台灣)商業銀行 | B23: 37523 | C23: 19940 | D23: 12722 | E23: 3535 | F23: 1326 | G23: 27125 | H23: 9199 | I23: 1011 | J23: 1994 | K23: 7303 | L23: 7617 | M23: 0 | N23: 10399
A24: DBS Bank (Taiwan) Ltd.
A25: 台新國際商業銀行 # | B25: 141081 | C25: 58848 | D25: 19241 | E25: 60586 | F25: 2407 | G25: 120329 | H25: 32680 | I25: 4785 | J25: 57467 | K25: 12644 | L25: 12753 | M25: 0 | N25: 20752
A26: Taishin International Bank
A27: 安泰商業銀行 | B27: 9460 | C27: 6867 | D27: 1252 | E27: 1196 | F27: 145 | G27: 7880 | H27: 4335 | I27: 49 | J27: 635 | K27: 1546 | L27: 1314 | M27: 0 | N27: 1581
A28: Entie Commercial Bank
A29: 中國信託商業銀行 # | B29: 264818 | C29: 113768 | D29: 48269 | E29: 92132 | F29: 10649 | G29: 215090 | H29: 56833 | I29: 4339 | J29: 87816 | K29: 29034 | L29: 37068 | M29: 0 | N29: 49728
A30: CTBC Bank Co., Ltd.
A31: 將來商業銀行 | B31: 1226 | C31: 1077 | D31: 132 | E31: 0 | F31: 16 | G31: 1936 | H31: 710 | I31: 104 | J31: 0 | K31: 373 | L31: 749 | M31: 0 | N31: -710
A32: NEXT Commercial Bank Co., Ltd.
A33: 連線商業銀行 | B33: 3392 | C33: 2877 | D33: 495 | E33: 0 | F33: 21 | G33: 3158 | H33: 1017 | I33: 293 | J33: 0 | K33: 598 | L33: 1250 | M33: 0 | N33: 234
A34: LINE Bank
A35: 樂天國際商業銀行 # | B35: 856 | C35: 755 | D35: 23 | E35: 76 | F35: 3 | G35: 1320 | H35: 543 | I35: 13 | J35: 2 | K35: 212 | L35: 549 | M35: 0 | N35: -464
A36: Rakuten International Commercial Bank Co., LTD.
D42: =TEXT(D41,"##,##0") -> 0 | E42: =TEXT(E41,"##,##0") -> 0

Sheet 10-2(續三)
A1: 10-2 金融機構損益簡表（續三）
A2: 10-2 Abridged Income Statement（Cont.3）
A3: （１）本國銀行（國內總分行）Domestic Banks (Local Branches)
D4: ='10-2'!D4:F4 -> 115年 1 - 8月 | G4: ='10-2'!G4:J4 -> Jan. - Aug. 2026 | N4: 單位：新臺幣百萬元 NT$ Million
A5: 銀 行 別 by Bank | B5: 收 益 Revenues and Gains | G5: 費 損 Expenses and Losses | M5: 其他 | N5: 稅前
B6: 總計 | C6: 利息 | D6: 手續費 | E6: 透過損益按公允價值衡量 | F6: 其他 | G6: 總計 | H6: 利息 | I6: 手續費 | J6: 透過損益按公允價值衡量 | K6: 員工福 | L6: 其他 | M6: 損益 | N6: 損益
C7: 收入 | D7: 收入 | E7: 之金融資產及負債利益 | F7: 收益 | H7: 費用 | I7: 費用 | J7: 之金融資產及負債損失 | K7: 利費用 | L7: 費損 | N7: Income
B8: Total | C8: Interest | D8: Service | E8: Gains of Financial Assets | F8: Others | G8: Total | H8: Interest | I8: Service | J8: Losses of Financial Assets | K8: Employee | L8: Others | M8: Other | N8: before
C9: Income | D9: Revenue | E9: and Liabilities at Fair Value | H9: Expense | I9: Expense | J9: and Liabilities at Fair Value | K9: Benefit | M9: Gains | N9: Income
E10: through Profit or Loss | J10: through Profit or Loss | K10: Expense | M10: and Loses | N10: Tax
A11: 總 計 | B11: 2421043 | C11: 890332 | D11: 286919 | E11: 793173 | F11: 450618 | G11: 2062228 | H11: 563358 | I11: 46128 | J11: 494656 | K11: 225830 | L11: 732256 | M11: 0 | N11: 358815
A12: Total
A13: 臺灣銀行 # | B13: 574894 | C13: 65247 | D13: 4090 | E13: 246867 | F13: 258689 | G13: 554800 | H13: 49181 | I13: 708 | J13: 25134 | K13: 9524 | L13: 470253 | M13: 0 | N13: 20094
A14: Bank of Taiwan
A15: 臺灣土地銀行 | B15: 63149 | C15: 47418 | D15: 2932 | E15: 6050 | F15: 6749 | G15: 50783 | H15: 31621 | I15: 677 | J15: 4065 | K15: 6679 | L15: 7741 | M15: 0 | N15: 12365
A16: Land Bank of Taiwan
A17: 合作金庫商業銀行 # | B17: 88367 | C17: 57905 | D17: 9641 | E17: 16566 | F17: 4256 | G17: 71280 | H17: 37681 | I17: 1492 | J17: 7510 | K17: 11912 | L17: 12685 | M17: 0 | N17: 17088
A18: Taiwan Cooperative Bank
A19: 第一商業銀行 # | B19: 156816 | C19: 48704 | D19: 12778 | E19: 68037 | F19: 27298 | G19: 138567 | H19: 36481 | I19: 2741 | J19: 59579 | K19: 12018 | L19: 27747 | M19: 0 | N19: 18249
A20: First Commercial Bank
A21: 華南商業銀行 # | B21: 91059 | C21: 51683 | D21: 13378 | E21: 22743 | F21: 3255 | G21: 72934 | H21: 35242 | I21: 1335 | J21: 14081 | K21: 12387 | L21: 9889 | M21: 0 | N21: 18125
A22: Hua Nan Commercial Bank, Ltd.
A23: 彰化商業銀行 | B23: 75037 | C23: 35003 | D23: 8191 | E23: 21939 | F23: 9904 | G23: 61646 | H23: 25550 | I23: 1617 | J23: 18215 | K23: 9330 | L23: 6934 | M23: 0 | N23: 13390
A24: Chang Hwa Commercial Bank
A25: 上海商業儲蓄銀行 | B25: 37089 | C25: 20090 | D25: 3543 | E25: 5576 | F25: 7880 | G25: 24762 | H25: 11078 | I25: 555 | J25: 5577 | K25: 3332 | L25: 4220 | M25: 0 | N25: 12327
A26: The Shanghai Commercial & Savings Bank, Ltd.
A27: 台北富邦銀行 # | B27: 135404 | C27: 53050 | D27: 24277 | E27: 49706 | F27: 8371 | G27: 109908 | H27: 32275 | I27: 3382 | J27: 45053 | K27: 13173 | L27: 16026 | M27: 0 | N27: 25496
A28: Taipei Fubon Commercial Bank Co., Ltd
A29: 國泰世華商業銀行 # | B29: 146732 | C29: 59174 | D29: 32683 | E29: 35241 | F29: 19634 | G29: 110637 | H29: 30008 | I29: 7215 | J29: 31596 | K29: 17017 | L29: 24801 | M29: 0 | N29: 36095
A30: Cathay United Bank
A31: 中國輸出入銀行 | B31: 3194 | C31: 2047 | D31: 108 | E31: 341 | F31: 699 | G31: 2304 | H31: 323 | I31: 27 | J31: 749 | K31: 292 | L31: 913 | M31: 0 | N31: 890
A32: The Export-Import Bank of The Republic of China
A33: 高雄銀行 | B33: 5794 | C33: 4433 | D33: 653 | E33: 359 | F33: 348 | G33: 4467 | H33: 2881 | I33: 51 | J33: 275 | K33: 1263 | L33: -3 | M33: 0 | N33: 1327
A34: Bank of Kaohsiung
A35: 兆豐國際商業銀行 # | B35: 71101 | C35: 41717 | D35: 7543 | E35: 8962 | F35: 12878 | G35: 50838 | H35: 29755 | I35: 1263 | J35: 1975 | K35: 10884 | L35: 6962 | M35: 0 | N35: 20263
A36: Mega International Commercial Bank Co., Ltd.
A37: 資料來源：金融機構申報資料（自結數）。
A38: 說 明：1.#係金融控股公司之子公司。
A39: ='10-2'!A39 -> 2.至115年8月止，38家本國銀行放款及催收款之備抵呆帳餘額為653,270百萬元，115年1至8月轉銷呆帳37,140百萬元。
D42: =TEXT(D41,"##,##0") -> 0 | E42: =TEXT(E41,"##,##0") -> 0

Sheet 10-2(續四)
A1: 10-2 金融機構損益簡表（續四）
A2: 10-2 Abridged Income Statement（Cont.4）
A3: （１）本國銀行（國內總分行）Domestic Banks (Local Branches)
D4: ='10-2'!D4:F4 -> 115年 1 - 8月 | G4: ='10-2'!G4:J4 -> Jan. - Aug. 2026 | N4: 單位：新臺幣百萬元 NT$ Million
A5: 銀 行 別 by Bank | B5: 收 益 Revenues and Gains | G5: 費 損 Expenses and Losses | M5: 其他 | N5: 稅前
B6: 總計 | C6: 利息 | D6: 手續費 | E6: 透過損益按公允價值衡量 | F6: 其他 | G6: 總計 | H6: 利息 | I6: 手續費 | J6: 透過損益按公允價值衡量 | K6: 員工福 | L6: 其他 | M6: 損益 | N6: 損益
C7: 收入 | D7: 收入 | E7: 之金融資產及負債利益 | F7: 收益 | H7: 費用 | I7: 費用 | J7: 之金融資產及負債損失 | K7: 利費用 | L7: 費損 | N7: Income
B8: Total | C8: Interest | D8: Service | E8: Gains of Financial Assets | F8: Others | G8: Total | H8: Interest | I8: Service | J8: Losses of Financial Assets | K8: Employee | L8: Others | M8: Other | N8: before
C9: Income | D9: Revenue | E9: and Liabilities at Fair Value | H9: Expense | I9: Expense | J9: and Liabilities at Fair Value | K9: Benefit | M9: Gains | N9: Income
E10: through Profit or Loss | J10: through Profit or Loss | K10: Expense | M10: and Loses | N10: Tax
A11: 花旗(台灣)商業銀行 | B11: 16950 | C11: 3673 | D11: 2786 | E11: 423 | F11: 10068 | G11: 7869 | H11: 1680 | I11: 614 | J11: 1602 | K11: 1477 | L11: 2497 | M11: 0 | N11: 9081
A12: Citibank Taiwan Ltd.
A13: 王道商業銀行 | B13: 9663 | C13: 3477 | D13: 581 | E13: 3512 | F13: 2093 | G13: 8258 | H13: 2175 | I13: 107 | J13: 3297 | K13: 1430 | L13: 1250 | M13: 0 | N13: 1405
A14: O-Bank Co., Ltd.
A15: 臺灣中小企業銀行 | B15: 44719 | C15: 29595 | D15: 5188 | E15: 4411 | F15: 5525 | G15: 34618 | H15: 19692 | I15: 345 | J15: 1792 | K15: 6791 | L15: 5999 | M15: 0 | N15: 10101
A16: Taiwan Business Bank
A17: 渣打國際商業銀行 | B17: 26949 | C17: 8185 | D17: 7024 | E17: 9489 | F17: 2251 | G17: 21930 | H17: 6592 | I17: 970 | J17: 6206 | K17: 3984 | L17: 4177 | M17: 0 | N17: 5019
A18: Standard Chartered Bank (Taiwan) Limited
A19: 台中商業銀行 | B19: 26955 | C19: 15955 | D19: 2834 | E19: 5744 | F19: 2422 | G19: 20498 | H19: 8236 | I19: 118 | J19: 5128 | K19: 3634 | L19: 3383 | M19: 0 | N19: 6457
A20: Taichung Commercial Bank
A21: 京城商業銀行 # | B21: 10141 | C21: 5569 | D21: 1570 | E21: 1488 | F21: 1514 | G21: 4946 | H21: 2515 | I21: 60 | J21: 1498 | K21: 933 | L21: -60 | M21: 0 | N21: 5196
A22: Kings Town Bank
A23: 滙豐(台灣)商業銀行 | B23: 86673 | C23: 11424 | D23: 10873 | E23: 61347 | F23: 3028 | G23: 75231 | H23: 6023 | I23: 2556 | J23: 57831 | K23: 3475 | L23: 5346 | M23: 0 | N23: 11441
A24: HSBC Bank(Taiwan) Ltd.
A25: 瑞興商業銀行 | B25: 1963 | C25: 1638 | D25: 136 | E25: 24 | F25: 166 | G25: 1726 | H25: 848 | I25: 10 | J25: 8 | K25: 323 | L25: 537 | M25: 0 | N25: 237
A26: Taipei Star Bank
A27: 華泰商業銀行 | B27: 5361 | C27: 4691 | D27: 366 | E27: 115 | F27: 190 | G27: 4197 | H27: 2216 | I27: 21 | J27: 95 | K27: 845 | L27: 1020 | M27: 0 | N27: 1165
A28: Hwatai Bank
A29: 臺灣新光商業銀行 # | B29: 39434 | C29: 19264 | D29: 5013 | E29: 11919 | F29: 3237 | G29: 31477 | H29: 11559 | I29: 988 | J29: 10312 | K29: 4018 | L29: 4600 | M29: 0 | N29: 7956
A30: Taiwan Shin Kong Commercial Bank
A31: 陽信商業銀行 | B31: 17450 | C31: 12243 | D31: 1705 | E31: 1210 | F31: 2292 | G31: 12685 | H31: 8070 | I31: 186 | J31: 649 | K31: 2173 | L31: 1607 | M31: 0 | N31: 4765
A32: Sunny Bank Ltd.
A33: 板信商業銀行 | B33: 6488 | C33: 4970 | D33: 818 | E33: 112 | F33: 588 | G33: 5505 | H33: 3051 | I33: 36 | J33: 24 | K33: 1194 | L33: 1200 | M33: 0 | N33: 983
A34: Bank of Panhsin
A35: 三信商業銀行 | B35: 4871 | C35: 3727 | D35: 410 | E35: 549 | F35: 185 | G35: 3665 | H35: 1702 | I35: 19 | J35: 116 | K35: 1177 | L35: 651 | M35: 0 | N35: 1206
A36: Cota Bank
A37: Source：Provided by individual institution.
A38: Note：# refer to the subsidary of financial holding companies.
D42: =TEXT(D41,"##,##0") -> 0 | E42: =TEXT(E41,"##,##0") -> 0

Sheet 10-2(續五)
A1: 10-2 金融機構損益簡表（續五）
A2: 10-2 Abridged Income Statement（Cont.5）
A3: （１）本國銀行（國內總分行）Domestic Banks (Local Branches)
D4: ='10-2'!D4:F4 -> 115年 1 - 8月 | G4: ='10-2'!G4:J4 -> Jan. - Aug. 2026 | N4: 單位：新臺幣百萬元 NT$ Million
A5: 銀 行 別 by Bank | B5: 收 益 Revenues and Gains | G5: 費 損 Expenses and Losses | M5: 其他 | N5: 稅前
B6: 總計 | C6: 利息 | D6: 手續費 | E6: 透過損益按公允價值衡量 | F6: 其他 | G6: 總計 | H6: 利息 | I6: 手續費 | J6: 透過損益按公允價值衡量 | K6: 員工福 | L6: 其他 | M6: 損益 | N6: 損益
C7: 收入 | D7: 收入 | E7: 之金融資產及負債利益 | F7: 收益 | H7: 費用 | I7: 費用 | J7: 之金融資產及負債損失 | K7: 利費用 | L7: 費損 | N7: Income
B8: Total | C8: Interest | D8: Service | E8: Gains of Financial Assets | F8: Others | G8: Total | H8: Interest | I8: Service | J8: Losses of Financial Assets | K8: Employee | L8: Others | M8: Other | N8: before
C9: Income | D9: Revenue | E9: and Liabilities at Fair Value | H9: Expense | I9: Expense | J9: and Liabilities at Fair Value | K9: Benefit | M9: Gains | N9: Income
E10: through Profit or Loss | J10: through Profit or Loss | K10: Expense | M10: and Loses | N10: Tax
A11: 聯邦商業銀行 | B11: 25870 | C11: 14453 | D11: 5857 | E11: 3443 | F11: 2117 | G11: 21206 | H11: 7916 | I11: 2447 | J11: 2137 | K11: 3412 | L11: 5294 | M11: 0 | N11: 4664
A12: Union Bank of Taiwan
A13: 遠東國際商業銀行 | B13: 25836 | C13: 10270 | D13: 2459 | E13: 10246 | F13: 2861 | G13: 24187 | H13: 8185 | I13: 581 | J13: 9869 | K13: 3280 | L13: 2271 | M13: 0 | N13: 1649
A14: Far Eastern International Bank
A15: 元大商業銀行 # | B15: 73406 | C15: 27666 | D15: 8290 | E15: 29324 | F15: 8126 | G15: 61550 | H15: 17189 | I15: 1240 | J15: 28640 | K15: 7700 | L15: 6781 | M15: 0 | N15: 11856
A16: Yuanta Commercial Bank Co., Ltd.
A17: 永豐商業銀行 # | B17: 91512 | C17: 30210 | D17: 9284 | E17: 35613 | F17: 16406 | G17: 78540 | H17: 22101 | I17: 1801 | J17: 31538 | K17: 9918 | L17: 13183 | M17: 0 | N17: 12973
A18: Bank SinoPac Company Limited
A19: 玉山商業銀行 # | B19: 100176 | C19: 51533 | D19: 21894 | E19: 21021 | F19: 5729 | G19: 81778 | H19: 31625 | I19: 3111 | J19: 15888 | K19: 11895 | L19: 19258 | M19: 0 | N19: 18399
A20: E.Sun Commercial Bank, Ltd.
A21: 凱基商業銀行 # | B21: 35571 | C21: 12855 | D21: 2725 | E21: 17008 | F21: 2983 | G21: 32146 | H21: 7755 | I21: 369 | J21: 16415 | K21: 3697 | L21: 3911 | M21: 0 | N21: 3426
A22: KGI Bank
A23: 星展(台灣)商業銀行 | B23: 32969 | C23: 16647 | D23: 11989 | E23: 3175 | F23: 1159 | G23: 24499 | H23: 7733 | I23: 1004 | J23: 1786 | K23: 7070 | L23: 6905 | M23: 0 | N23: 8470
A24: DBS Bank (Taiwan) Ltd.
A25: 台新國際商業銀行 # | B25: 120479 | C25: 38154 | D25: 18445 | E25: 55251 | F25: 8630 | G25: 104247 | H25: 23392 | I25: 4699 | J25: 52094 | K25: 11995 | L25: 12066 | M25: 0 | N25: 16232
A26: Taishin International Bank
A27: 安泰商業銀行 | B27: 7922 | C27: 5214 | D27: 1163 | E27: 1108 | F27: 437 | G27: 7413 | H27: 3961 | I27: 47 | J27: 555 | K27: 1545 | L27: 1305 | M27: 0 | N27: 509
A28: Entie Commercial Bank
A29: 中國信託商業銀行 # | B29: 155574 | C29: 67742 | D29: 45040 | E29: 34180 | F29: 8613 | G29: 134718 | H29: 34798 | I29: 3327 | J29: 33362 | K29: 24872 | L29: 38358 | M29: 0 | N29: 20857
A30: CTBC Bank Co., Ltd.
A31: 將來商業銀行 | B31: 1226 | C31: 1077 | D31: 132 | E31: 0 | F31: 16 | G31: 1936 | H31: 710 | I31: 104 | J31: 0 | K31: 373 | L31: 749 | M31: 0 | N31: -710
A32: NEXT Commercial Bank Co., Ltd.
A33: 連線商業銀行 | B33: 3392 | C33: 2877 | D33: 495 | E33: 0 | F33: 21 | G33: 3158 | H33: 1017 | I33: 293 | J33: 0 | K33: 598 | L33: 1250 | M33: 0 | N33: 234
A34: LINE Bank
A35: 樂天國際商業銀行 # | B35: 856 | C35: 755 | D35: 23 | E35: 76 | F35: 3 | G35: 1320 | H35: 543 | I35: 13 | J35: 2 | K35: 212 | L35: 549 | M35: 0 | N35: -464
A36: Rakuten International Commercial Bank Co., LTD.
D42: =TEXT(D41,"##,##0") -> 0 | E42: =TEXT(E41,"##,##0") -> 0

Sheet 10-2(續六)
A1: 10-2 金融機構損益簡表（續六）
A2: 10-2 Abridged Income Statement（Cont.6）
A3: （１）本國銀行（OBU）Domestic Banks (Only OBU)
D4: ='10-2'!D4:F4 -> 115年 1 - 8月 | G4: ='10-2'!G4:J4 -> Jan. - Aug. 2026 | N4: 單位：新臺幣百萬元 NT$ Million
A5: 銀 行 別 by Bank | B5: 收 益 Revenues and Gains | G5: 費 損 Expenses and Losses | M5: 其他 | N5: 稅前
B6: 總計 | C6: 利息 | D6: 手續費 | E6: 透過損益按公允價值衡量 | F6: 其他 | G6: 總計 | H6: 利息 | I6: 手續費 | J6: 透過損益按公允價值衡量 | K6: 員工福 | L6: 其他 | M6: 損益 | N6: 損益
C7: 收入 | D7: 收入 | E7: 之金融資產及負債利益 | F7: 收益 | H7: 費用 | I7: 費用 | J7: 之金融資產及負債損失 | K7: 利費用 | L7: 費損 | N7: Income
B8: Total | C8: Interest | D8: Service | E8: Gains of Financial Assets | F8: Others | G8: Total | H8: Interest | I8: Service | J8: Losses of Financial Assets | K8: Employee | L8: Others | M8: Other | N8: before
C9: Income | D9: Revenue | E9: and Liabilities at Fair Value | H9: Expense | I9: Expense | J9: and Liabilities at Fair Value | K9: Benefit | M9: Gains | N9: Income
E10: through Profit or Loss | J10: through Profit or Loss | K10: Expense | M10: and Loses | N10: Tax
A11: 總 計 | B11: 354274 | C11: 248125 | D11: 7116 | E11: 89182 | F11: 9850 | G11: 281298 | H11: 106270 | I11: 498 | J11: 81782 | K11: 815 | L11: 91933 | M11: 0 | N11: 72976
A12: Total
A13: 臺灣銀行 # | B13: 33355 | C13: 20970 | D13: 18 | E13: 12084 | F13: 282 | G13: 29228 | H13: 9857 | I13: 30 | J13: 11628 | K13: 49 | L13: 7665 | M13: 0 | N13: 4127
A14: Bank of Taiwan
A15: 臺灣土地銀行 | B15: 5278 | C15: 5023 | D15: 48 | E15: 91 | F15: 116 | G15: 4551 | H15: 1303 | I15: 0 | J15: 42 | K15: 9 | L15: 3197 | M15: 0 | N15: 727
A16: Land Bank of Taiwan
A17: 合作金庫商業銀行 # | B17: 11048 | C17: 10908 | D17: 124 | E17: 5 | F17: 11 | G17: 10129 | H17: 9457 | I17: 21 | J17: 14 | K17: 14 | L17: 622 | M17: 0 | N17: 919
A18: Taiwan Cooperative Bank
A19: 第一商業銀行 # | B19: 17627 | C19: 14996 | D19: 247 | E19: 2285 | F19: 98 | G19: 15364 | H19: 11637 | I19: 37 | J19: 189 | K19: 18 | L19: 3484 | M19: 0 | N19: 2263
A20: First Commercial Bank
A21: 華南商業銀行 # | B21: 15700 | C21: 12024 | D21: 134 | E21: 2152 | F21: 1390 | G21: 14459 | H21: 10620 | I21: 27 | J21: 3414 | K21: 33 | L21: 364 | M21: 0 | N21: 1242
A22: Hua Nan Commercial Bank, Ltd.
A23: 彰化商業銀行 | B23: 10632 | C23: 10299 | D23: 96 | E23: 155 | F23: 82 | G23: 8189 | H23: 2930 | I23: 14 | J23: 128 | K23: 14 | L23: 5104 | M23: 0 | N23: 2444
A24: Chang Hwa Commercial Bank
A25: 上海商業儲蓄銀行 | B25: 6122 | C25: 4450 | D25: 343 | E25: 1193 | F25: 136 | G25: 3681 | H25: 1905 | I25: 3 | J25: 980 | K25: 28 | L25: 765 | M25: 0 | N25: 2441
A26: The Shanghai Commercial & Savings Bank, Ltd.
A27: 台北富邦銀行 # | B27: 36632 | C27: 21864 | D27: 549 | E27: 13999 | F27: 219 | G27: 27740 | H27: 6640 | I27: 44 | J27: 13395 | K27: 37 | L27: 7625 | M27: 0 | N27: 8891
A28: Taipei Fubon Commercial Bank Co., Ltd
A29: 國泰世華商業銀行 # | B29: 28293 | C29: 18848 | D29: 579 | E29: 8675 | F29: 192 | G29: 23936 | H29: 2139 | I29: 44 | J29: 7448 | K29: 15 | L29: 14291 | M29: 0 | N29: 4357
A30: Cathay United Bank
A31: 中國輸出入銀行 | B31: 3076 | C31: 3007 | D31: 0 | E31: 68 | F31: 0 | G31: 2673 | H31: 2212 | I31: 0 | J31: 15 | K31: 11 | L31: 435 | M31: 0 | N31: 403
A32: The Export-Import Bank of The Republic of China
A33: 高雄銀行 | B33: 1541 | C33: 1384 | D33: 12 | E33: 81 | F33: 64 | G33: 1630 | H33: 404 | I33: 2 | J33: 9 | K33: 9 | L33: 1206 | M33: 0 | N33: -88
A34: Bank of Kaohsiung
A35: 兆豐國際商業銀行 # | B35: 15866 | C35: 14020 | D35: 336 | E35: 1426 | F35: 85 | G35: 12894 | H35: 6031 | I35: 19 | J35: 18 | K35: 36 | L35: 6789 | M35: 0 | N35: 2972
A36: Mega International Commercial Bank Co., Ltd.
A37: 資料來源：金融機構申報資料（自結數）。
A38: 說 明：1.#係金融控股公司之子公司。
A39: ='10-2'!A39 -> 2.至115年8月止，38家本國銀行放款及催收款之備抵呆帳餘額為653,270百萬元，115年1至8月轉銷呆帳37,140百萬元。
D42: =TEXT(D41,"##,##0") -> 0 | E42: =TEXT(E41,"##,##0") -> 0

Sheet 10-2(續七)
A1: 10-2 金融機構損益簡表（續七）
A2: 10-2 Abridged Income Statement（Cont.7）
A3: （１）本國銀行（OBU）Domestic Banks (Only OBU)
D4: ='10-2'!D4:F4 -> 115年 1 - 8月 | G4: ='10-2'!G4:J4 -> Jan. - Aug. 2026 | N4: 單位：新臺幣百萬元 NT$ Million
A5: 銀 行 別 by Bank | B5: 收 益 Revenues and Gains | G5: 費 損 Expenses and Losses | M5: 其他 | N5: 稅前
B6: 總計 | C6: 利息 | D6: 手續費 | E6: 透過損益按公允價值衡量 | F6: 其他 | G6: 總計 | H6: 利息 | I6: 手續費 | J6: 透過損益按公允價值衡量 | K6: 員工福 | L6: 其他 | M6: 損益 | N6: 損益
C7: 收入 | D7: 收入 | E7: 之金融資產及負債利益 | F7: 收益 | H7: 費用 | I7: 費用 | J7: 之金融資產及負債損失 | K7: 利費用 | L7: 費損 | N7: Income
B8: Total | C8: Interest | D8: Service | E8: Gains of Financial Assets | F8: Others | G8: Total | H8: Interest | I8: Service | J8: Losses of Financial Assets | K8: Employee | L8: Others | M8: Other | N8: before
C9: Income | D9: Revenue | E9: and Liabilities at Fair Value | H9: Expense | I9: Expense | J9: and Liabilities at Fair Value | K9: Benefit | M9: Gains | N9: Income
E10: through Profit or Loss | J10: through Profit or Loss | K10: Expense | M10: and Loses | N10: Tax
A11: 花旗(台灣)商業銀行 | B11: 6264 | C11: 6065 | D11: 28 | E11: 120 | F11: 51 | G11: 5498 | H11: 1671 | I11: 12 | J11: 4 | K11: 82 | L11: 3729 | M11: 0 | N11: 765
A12: Citibank Taiwan Ltd.
A13: 王道商業銀行 | B13: 2220 | C13: 1891 | D13: 72 | E13: 232 | F13: 24 | G13: 1840 | H13: 1634 | I13: 0 | J13: 175 | K13: 0 | L13: 31 | M13: 0 | N13: 380
A14: O-Bank Co., Ltd.
A15: 臺灣中小企業銀行 | B15: 5728 | C15: 5138 | D15: 36 | E15: 467 | F15: 87 | G15: 4882 | H15: 3801 | I15: 10 | J15: 467 | K15: 15 | L15: 588 | M15: 0 | N15: 846
A16: Taiwan Business Bank
A17: 渣打國際商業銀行 | B17: 5408 | C17: 4590 | D17: 265 | E17: 420 | F17: 133 | G17: 4605 | H17: 2055 | I17: 19 | J17: 463 | K17: 15 | L17: 2053 | M17: 0 | N17: 802
A18: Standard Chartered Bank (Taiwan) Limited
A19: 台中商業銀行 | B19: 5052 | C19: 3235 | D19: 105 | E19: 1629 | F19: 83 | G19: 4095 | H19: 2463 | I19: 6 | J19: 1566 | K19: 0 | L19: 60 | M19: 0 | N19: 957
A20: Taichung Commercial Bank
A21: 京城商業銀行 # | B21: 1555 | C21: 1291 | D21: 43 | E21: 112 | F21: 108 | G21: 1124 | H21: 38 | I21: 0 | J21: 124 | K21: 3 | L21: 959 | M21: 0 | N21: 431
A22: Kings Town Bank
A23: 滙豐(台灣)商業銀行 | B23: 4058 | C23: 382 | D23: 209 | E23: 3114 | F23: 353 | G23: 3825 | H23: 477 | I23: 12 | J23: 2805 | K23: 0 | L23: 531 | M23: 0 | N23: 233
A24: HSBC Bank(Taiwan) Ltd.
A25: 瑞興商業銀行 | B25: 122 | C25: 119 | D25: 0 | E25: 0 | F25: 3 | G25: 121 | H25: 0 | I25: 0 | J25: 0 | K25: 2 | L25: 119 | M25: 0 | N25: 1
A26: Taipei Star Bank
A27: 華泰商業銀行 | B27: 195 | C27: 187 | D27: 0 | E27: 5 | F27: 4 | G27: 107 | H27: 25 | I27: 4 | J27: 5 | K27: 5 | L27: 68 | M27: 0 | N27: 89
A28: Hwatai Bank
A29: 臺灣新光商業銀行 # | B29: 2625 | C29: 2314 | D29: 61 | E29: 228 | F29: 23 | G29: 2572 | H29: 716 | I29: 0 | J29: 186 | K29: 0 | L29: 1670 | M29: 0 | N29: 53
A30: Taiwan Shin Kong Commercial Bank
A31: 陽信商業銀行 | B31: 2286 | C31: 2256 | D31: 15 | E31: 13 | F31: 3 | G31: 2151 | H31: 259 | I31: 2 | J31: 22 | K31: 3 | L31: 1864 | M31: 0 | N31: 136
A32: Sunny Bank Ltd.
A33: 板信商業銀行 | B33: 1320 | C33: 1258 | D33: 34 | E33: 0 | F33: 27 | G33: 758 | H33: 335 | I33: 0 | J33: 0 | K33: 1 | L33: 422 | M33: 0 | N33: 561
A34: Bank of Panhsin
A35: 三信商業銀行 | B35: 129 | C35: 120 | D35: 0 | E35: 0 | F35: 8 | G35: 85 | H35: 2 | I35: 0 | J35: 0 | K35: 0 | L35: 82 | M35: 0 | N35: 44
A36: Cota Bank
A37: Source：Provided by individual institution.
A38: Note：# refer to the subsidary of financial holding companies.
D42: =TEXT(D41,"##,##0") -> 0 | E42: =TEXT(E41,"##,##0") -> 0

Sheet 10-2(續八)
A1: 10-2 金融機構損益簡表（續八）
A2: 10-2 Abridged Income Statement（Cont.8）
A3: （１）本國銀行（OBU）Domestic Banks (Only OBU)
D4: ='10-2'!D4:F4 -> 115年 1 - 8月 | G4: ='10-2'!G4:J4 -> Jan. - Aug. 2026 | N4: 單位：新臺幣百萬元 NT$ Million
A5: 銀 行 別 by Bank | B5: 收 益 Revenues and Gains | G5: 費 損 Expenses and Losses | M5: 其他 | N5: 稅前
B6: 總計 | C6: 利息 | D6: 手續費 | E6: 透過損益按公允價值衡量 | F6: 其他 | G6: 總計 | H6: 利息 | I6: 手續費 | J6: 透過損益按公允價值衡量 | K6: 員工福 | L6: 其他 | M6: 損益 | N6: 損益
C7: 收入 | D7: 收入 | E7: 之金融資產及負債利益 | F7: 收益 | H7: 費用 | I7: 費用 | J7: 之金融資產及負債損失 | K7: 利費用 | L7: 費損 | N7: Income
B8: Total | C8: Interest | D8: Service | E8: Gains of Financial Assets | F8: Others | G8: Total | H8: Interest | I8: Service | J8: Losses of Financial Assets | K8: Employee | L8: Others | M8: Other | N8: before
C9: Income | D9: Revenue | E9: and Liabilities at Fair Value | H9: Expense | I9: Expense | J9: and Liabilities at Fair Value | K9: Benefit | M9: Gains | N9: Income
E10: through Profit or Loss | J10: through Profit or Loss | K10: Expense | M10: and Loses | N10: Tax
A11: 聯邦商業銀行 | B11: 2081 | C11: 2017 | D11: 45 | E11: 1 | F11: 17 | G11: 1358 | H11: 1333 | I11: 4 | J11: 1 | K11: 1 | L11: 19 | M11: 0 | N11: 723
A12: Union Bank of Taiwan
A13: 遠東國際商業銀行 | B13: 5779 | C13: 3412 | D13: 299 | E13: 2061 | F13: 7 | G13: 3751 | H13: 688 | I13: 10 | J13: 901 | K13: 22 | L13: 2130 | M13: 0 | N13: 2028
A14: Far Eastern International Bank
A15: 元大商業銀行 # | B15: 7488 | C15: 6374 | D15: 132 | E15: 741 | F15: 242 | G15: 6550 | H15: 1148 | I15: 1 | J15: 537 | K15: 6 | L15: 4858 | M15: 0 | N15: 938
A16: Yuanta Commercial Bank Co., Ltd.
A17: 永豐商業銀行 # | B17: 21884 | C17: 16385 | D17: 982 | E17: 4372 | F17: 145 | G17: 17895 | H17: 4440 | I17: 29 | J17: 4012 | K17: 69 | L17: 9344 | M17: 0 | N17: 3988
A18: Bank SinoPac Company Limited
A19: 玉山商業銀行 # | B19: 25954 | C19: 9151 | D19: 321 | E19: 15677 | F19: 805 | G19: 22109 | H19: 5171 | I19: 43 | J19: 14804 | K19: 0 | L19: 2091 | M19: 0 | N19: 3845
A20: E.Sun Commercial Bank, Ltd.
A21: 凱基商業銀行 # | B21: 6793 | C21: 5555 | D21: 369 | E21: 578 | F21: 291 | G21: 4704 | H21: 1958 | I21: 1 | J21: 635 | K21: 60 | L21: 2049 | M21: 0 | N21: 2089
A22: KGI Bank
A23: 星展(台灣)商業銀行 | B23: 5195 | C23: 3293 | D23: 733 | E23: 360 | F23: 808 | G23: 3266 | H23: 1466 | I23: 7 | J23: 208 | K23: 233 | L23: 1352 | M23: 0 | N23: 1929
A24: DBS Bank (Taiwan) Ltd.
A25: 台新國際商業銀行 # | B25: 18936 | C25: 12731 | D25: 369 | E25: 5646 | F25: 191 | G25: 16172 | H25: 4252 | I25: 40 | J25: 6138 | K25: 22 | L25: 5720 | M25: 0 | N25: 2765
A26: Taishin International Bank
A27: 安泰商業銀行 | B27: 1843 | C27: 1653 | D27: 89 | E27: 88 | F27: 13 | G27: 771 | H27: 374 | I27: 2 | J27: 81 | K27: 2 | L27: 313 | M27: 0 | N27: 1072
A28: Entie Commercial Bank
A29: 中國信託商業銀行 # | B29: 36188 | C29: 20914 | D29: 424 | E29: 11103 | F29: 3748 | G29: 18585 | H29: 6829 | I29: 53 | J29: 11372 | K29: 0 | L29: 330 | M29: 0 | N29: 17603
A30: CTBC Bank Co., Ltd.
A31: 將來商業銀行 | B31: 0 | C31: 0 | D31: 0 | E31: 0 | F31: 0 | G31: 0 | H31: 0 | I31: 0 | J31: 0 | K31: 0 | L31: 0 | M31: 0 | N31: 0
A32: NEXT Commercial Bank Co., Ltd.
A33: 連線商業銀行 | B33: 0 | C33: 0 | D33: 0 | E33: 0 | F33: 0 | G33: 0 | H33: 0 | I33: 0 | J33: 0 | K33: 0 | L33: 0 | M33: 0 | N33: 0
A34: LINE Bank
A35: 樂天國際商業銀行 # | B35: 0 | C35: 0 | D35: 0 | E35: 0 | F35: 0 | G35: 0 | H35: 0 | I35: 0 | J35: 0 | K35: 0 | L35: 0 | M35: 0 | N35: 0
A36: Rakuten International Commercial Bank Co., LTD.
D42: =TEXT(D41,"##,##0") -> 0 | E42: =TEXT(E41,"##,##0") -> 0

Sheet 10-2(續九)
A1: 10-2 金融機構損益簡表（續九）
A2: 10-2 Abridged Income Statement（Cont.9）
A3: （１）本國銀行（國外分行）Domestic Banks (Overseas Branches)
D4: ='10-2'!D4:F4 -> 115年 1 - 8月 | G4: ='10-2'!G4:J4 -> Jan. - Aug. 2026 | N4: 單位：新臺幣百萬元 NT$ Million
A5: 銀 行 別 by Bank | B5: 收 益 Revenues and Gains | G5: 費 損 Expenses and Losses | M5: 其他 | N5: 稅前
B6: 總計 | C6: 利息 | D6: 手續費 | E6: 透過損益按公允價值衡量 | F6: 其他 | G6: 總計 | H6: 利息 | I6: 手續費 | J6: 透過損益按公允價值衡量 | K6: 員工福 | L6: 其他 | M6: 損益 | N6: 損益
C7: 收入 | D7: 收入 | E7: 之金融資產及負債利益 | F7: 收益 | H7: 費用 | I7: 費用 | J7: 之金融資產及負債損失 | K7: 利費用 | L7: 費損 | N7: Income
B8: Total | C8: Interest | D8: Service | E8: Gains of Financial Assets | F8: Others | G8: Total | H8: Interest | I8: Service | J8: Losses of Financial Assets | K8: Employee | L8: Others | M8: Other | N8: before
C9: Income | D9: Revenue | E9: and Liabilities at Fair Value | H9: Expense | I9: Expense | J9: and Liabilities at Fair Value | K9: Benefit | M9: Gains | N9: Income
E10: through Profit or Loss | J10: through Profit or Loss | K10: Expense | M10: and Loses | N10: Tax
A11: 總 計 | B11: 285990 | C11: 169693 | D11: 8772 | E11: 99290 | F11: 8235 | G11: 234321 | H11: 104812 | I11: 1497 | J11: 91186 | K11: 13530 | L11: 23297 | M11: 0 | N11: 51669
A12: Total
A13: 臺灣銀行 # | B13: 8518 | C13: 8369 | D13: 63 | E13: 64 | F13: 21 | G13: 6942 | H13: 3940 | I13: 21 | J13: 51 | K13: 399 | L13: 2531 | M13: 0 | N13: 1575
A14: Bank of Taiwan
A15: 臺灣土地銀行 | B15: 5523 | C15: 5260 | D15: 182 | E15: 19 | F15: 62 | G15: 4524 | H15: 3839 | I15: 32 | J15: 0 | K15: 270 | L15: 383 | M15: 0 | N15: 999
A16: Land Bank of Taiwan
A17: 合作金庫商業銀行 # | B17: 7186 | C17: 7135 | D17: 43 | E17: 0 | F17: 9 | G17: 6064 | H17: 4741 | I17: 25 | J17: 0 | K17: 371 | L17: 927 | M17: 0 | N17: 1122
A18: Taiwan Cooperative Bank
A19: 第一商業銀行 # | B19: 18355 | C19: 15934 | D19: 504 | E19: 1799 | F19: 117 | G19: 13923 | H19: 8779 | I19: 77 | J19: 1661 | K19: 799 | L19: 2607 | M19: 0 | N19: 4431
A20: First Commercial Bank
A21: 華南商業銀行 # | B21: 9639 | C21: 9421 | D21: 77 | E21: 60 | F21: 82 | G21: 6386 | H21: 6022 | I21: 22 | J21: 78 | K21: 538 | L21: -273 | M21: 0 | N21: 3253
A22: Hua Nan Commercial Bank, Ltd.
A23: 彰化商業銀行 | B23: 11065 | C23: 8910 | D23: 70 | E23: 2064 | F23: 21 | G23: 8970 | H23: 5352 | I23: 27 | J23: 2043 | K23: 342 | L23: 1205 | M23: 0 | N23: 2095
A24: Chang Hwa Commercial Bank
A25: 上海商業儲蓄銀行 | B25: 2176 | C25: 1611 | D25: 265 | E25: 226 | F25: 74 | G25: 1316 | H25: 852 | I25: 8 | J25: 147 | K25: 155 | L25: 152 | M25: 0 | N25: 860
A26: The Shanghai Commercial & Savings Bank, Ltd.
A27: 台北富邦銀行 # | B27: 29412 | C27: 13340 | D27: 720 | E27: 11092 | F27: 4260 | G27: 24039 | H27: 11872 | I27: 66 | J27: 10369 | K27: 1175 | L27: 556 | M27: 0 | N27: 5373
A28: Taipei Fubon Commercial Bank Co., Ltd
A29: 國泰世華商業銀行 # | B29: 31755 | C29: 8332 | D29: 663 | E29: 22740 | F29: 20 | G29: 29971 | H29: 4899 | I29: 96 | J29: 21564 | K29: 1491 | L29: 1921 | M29: 0 | N29: 1785
A30: Cathay United Bank
A31: 中國輸出入銀行 | B31: 0 | C31: 0 | D31: 0 | E31: 0 | F31: 0 | G31: 0 | H31: 0 | I31: 0 | J31: 0 | K31: 0 | L31: 0 | M31: 0 | N31: 0
A32: The Export-Import Bank of The Republic of China
A33: 高雄銀行 | B33: 0 | C33: 0 | D33: 0 | E33: 0 | F33: 0 | G33: 0 | H33: 0 | I33: 0 | J33: 0 | K33: 0 | L33: 0 | M33: 0 | N33: 0
A34: Bank of Kaohsiung
A35: 兆豐國際商業銀行 # | B35: 24326 | C35: 23361 | D35: 443 | E35: 132 | F35: 390 | G35: 20635 | H35: 15268 | I35: 74 | J35: 162 | K35: 1292 | L35: 3838 | M35: 0 | N35: 3691
A36: Mega International Commercial Bank Co., Ltd.
A37: 資料來源：金融機構申報資料（自結數）。
A38: 說 明：1.#係金融控股公司之子公司。
A39: ='10-2'!A39 -> 2.至115年8月止，38家本國銀行放款及催收款之備抵呆帳餘額為653,270百萬元，115年1至8月轉銷呆帳37,140百萬元。
D42: =TEXT(D41,"##,##0") -> 0 | E42: =TEXT(E41,"##,##0") -> 0

Sheet 10-2(續十)
A1: 10-2 金融機構損益簡表（續十）
A2: 10-2 Abridged Income Statement（Cont.10）
A3: （１）本國銀行（國外分行）Domestic Banks (Overseas Branches)
D4: ='10-2'!D4:F4 -> 115年 1 - 8月 | G4: ='10-2'!G4:J4 -> Jan. - Aug. 2026 | N4: 單位：新臺幣百萬元 NT$ Million
A5: 銀 行 別 by Bank | B5: 收 益 Revenues and Gains | G5: 費 損 Expenses and Losses | M5: 其他 | N5: 稅前
B6: 總計 | C6: 利息 | D6: 手續費 | E6: 透過損益按公允價值衡量 | F6: 其他 | G6: 總計 | H6: 利息 | I6: 手續費 | J6: 透過損益按公允價值衡量 | K6: 員工福 | L6: 其他 | M6: 損益 | N6: 損益
C7: 收入 | D7: 收入 | E7: 之金融資產及負債利益 | F7: 收益 | H7: 費用 | I7: 費用 | J7: 之金融資產及負債損失 | K7: 利費用 | L7: 費損 | N7: Income
B8: Total | C8: Interest | D8: Service | E8: Gains of Financial Assets | F8: Others | G8: Total | H8: Interest | I8: Service | J8: Losses of Financial Assets | K8: Employee | L8: Others | M8: Other | N8: before
C9: Income | D9: Revenue | E9: and Liabilities at Fair Value | H9: Expense | I9: Expense | J9: and Liabilities at Fair Value | K9: Benefit | M9: Gains | N9: Income
E10: through Profit or Loss | J10: through Profit or Loss | K10: Expense | M10: and Loses | N10: Tax
A11: 花旗(台灣)商業銀行 | B11: 0 | C11: 0 | D11: 0 | E11: 0 | F11: 0 | G11: 0 | H11: 0 | I11: 0 | J11: 0 | K11: 0 | L11: 0 | M11: 0 | N11: 0
A12: Citibank Taiwan Ltd.
A13: 王道商業銀行 | B13: 10317 | C13: 2448 | D13: 153 | E13: 7671 | F13: 45 | G13: 9733 | H13: 1511 | I13: 5 | J13: 7222 | K13: 188 | L13: 807 | M13: 0 | N13: 583
A14: O-Bank Co., Ltd.
A15: 臺灣中小企業銀行 | B15: 5176 | C15: 5133 | D15: 38 | E15: 0 | F15: 6 | G15: 3764 | H15: 1544 | I15: 7 | J15: 0 | K15: 245 | L15: 1967 | M15: 0 | N15: 1412
A16: Taiwan Business Bank
A17: 渣打國際商業銀行 | B17: 0 | C17: 0 | D17: 0 | E17: 0 | F17: 0 | G17: 0 | H17: 0 | I17: 0 | J17: 0 | K17: 0 | L17: 0 | M17: 0 | N17: 0
A18: Standard Chartered Bank (Taiwan) Limited
A19: 台中商業銀行 | B19: 417 | C19: 412 | D19: 6 | E19: 0 | F19: 0 | G19: 343 | H19: 276 | I19: 0 | J19: 0 | K19: 21 | L19: 46 | M19: 0 | N19: 74
A20: Taichung Commercial Bank
A21: 京城商業銀行 # | B21: 0 | C21: 0 | D21: 0 | E21: 0 | F21: 0 | G21: 0 | H21: 0 | I21: 0 | J21: 0 | K21: 0 | L21: 0 | M21: 0 | N21: 0
A22: Kings Town Bank
A23: 滙豐(台灣)商業銀行 | B23: 0 | C23: 0 | D23: 0 | E23: 0 | F23: 0 | G23: 0 | H23: 0 | I23: 0 | J23: 0 | K23: 0 | L23: 0 | M23: 0 | N23: 0
A24: HSBC Bank(Taiwan) Ltd.
A25: 瑞興商業銀行 | B25: 0 | C25: 0 | D25: 0 | E25: 0 | F25: 0 | G25: 0 | H25: 0 | I25: 0 | J25: 0 | K25: 0 | L25: 0 | M25: 0 | N25: 0
A26: Taipei Star Bank
A27: 華泰商業銀行 | B27: 0 | C27: 0 | D27: 0 | E27: 0 | F27: 0 | G27: 0 | H27: 0 | I27: 0 | J27: 0 | K27: 0 | L27: 0 | M27: 0 | N27: 0
A28: Hwatai Bank
A29: 臺灣新光商業銀行 # | B29: 3236 | C29: 1419 | D29: 14 | E29: 1774 | F29: 29 | G29: 2890 | H29: 967 | I29: 6 | J29: 1769 | K29: 72 | L29: 75 | M29: 0 | N29: 345
A30: Taiwan Shin Kong Commercial Bank
A31: 陽信商業銀行 | B31: 0 | C31: 0 | D31: 0 | E31: 0 | F31: 0 | G31: 0 | H31: 0 | I31: 0 | J31: 0 | K31: 0 | L31: 0 | M31: 0 | N31: 0
A32: Sunny Bank Ltd.
A33: 板信商業銀行 | B33: 0 | C33: 0 | D33: 0 | E33: 0 | F33: 0 | G33: 0 | H33: 0 | I33: 0 | J33: 0 | K33: 0 | L33: 0 | M33: 0 | N33: 0
A34: Bank of Panhsin
A35: 三信商業銀行 | B35: 0 | C35: 0 | D35: 0 | E35: 0 | F35: 0 | G35: 0 | H35: 0 | I35: 0 | J35: 0 | K35: 0 | L35: 0 | M35: 0 | N35: 0
A36: Cota Bank
A37: Source：Provided by individual institution.
A38: Note：# refer to the subsidary of financial holding companies.
D42: =TEXT(D41,"##,##0") -> 0 | E42: =TEXT(E41,"##,##0") -> 0

Sheet 10-2(續十一)
A1: 10-2 金融機構損益簡表（續十一）
A2: 10-2 Abridged Income Statement（Cont.11）
A3: （１）本國銀行（國外分行）Domestic Banks (Overseas Branches)
D4: ='10-2'!D4:F4 -> 115年 1 - 8月 | G4: ='10-2'!G4:J4 -> Jan. - Aug. 2026 | N4: 單位：新臺幣百萬元 NT$ Million
A5: 銀 行 別 by Bank | B5: 收 益 Revenues and Gains | G5: 費 損 Expenses and Losses | M5: 其他 | N5: 稅前
B6: 總計 | C6: 利息 | D6: 手續費 | E6: 透過損益按公允價值衡量 | F6: 其他 | G6: 總計 | H6: 利息 | I6: 手續費 | J6: 透過損益按公允價值衡量 | K6: 員工福 | L6: 其他 | M6: 損益 | N6: 損益
C7: 收入 | D7: 收入 | E7: 之金融資產及負債利益 | F7: 收益 | H7: 費用 | I7: 費用 | J7: 之金融資產及負債損失 | K7: 利費用 | L7: 費損 | N7: Income
B8: Total | C8: Interest | D8: Service | E8: Gains of Financial Assets | F8: Others | G8: Total | H8: Interest | I8: Service | J8: Losses of Financial Assets | K8: Employee | L8: Others | M8: Other | N8: before
C9: Income | D9: Revenue | E9: and Liabilities at Fair Value | H9: Expense | I9: Expense | J9: and Liabilities at Fair Value | K9: Benefit | M9: Gains | N9: Income
E10: through Profit or Loss | J10: through Profit or Loss | K10: Expense | M10: and Loses | N10: Tax
A11: 聯邦商業銀行 | B11: 0 | C11: 0 | D11: 0 | E11: 0 | F11: 0 | G11: 0 | H11: 0 | I11: 0 | J11: 0 | K11: 0 | L11: 0 | M11: 0 | N11: 0
A12: Union Bank of Taiwan
A13: 遠東國際商業銀行 | B13: 523 | C13: 478 | D13: 6 | E13: 0 | F13: 38 | G13: 364 | H13: 264 | I13: 2 | J13: 0 | K13: 56 | L13: 41 | M13: 0 | N13: 159
A14: Far Eastern International Bank
A15: 元大商業銀行 # | B15: 697 | C15: 516 | D15: 13 | E15: 128 | F15: 39 | G15: 644 | H15: 321 | I15: 2 | J15: 155 | K15: 56 | L15: 110 | M15: 0 | N15: 53
A16: Yuanta Commercial Bank Co., Ltd.
A17: 永豐商業銀行 # | B17: 15906 | C17: 8605 | D17: 961 | E17: 6302 | F17: 38 | G17: 12426 | H17: 4651 | I17: 60 | J17: 5718 | K17: 722 | L17: 1274 | M17: 0 | N17: 3480
A18: Bank SinoPac Company Limited
A19: 玉山商業銀行 # | B19: 27167 | C19: 18164 | D19: 1445 | E19: 7344 | F19: 214 | G19: 19716 | H19: 10186 | I19: 66 | J19: 6319 | K19: 1222 | L19: 1923 | M19: 0 | N19: 7452
A20: E.Sun Commercial Bank, Ltd.
A21: 凱基商業銀行 # | B21: 511 | C21: 435 | D21: 11 | E21: 43 | F21: 22 | G21: 583 | H21: 317 | I21: 5 | J21: 55 | K21: 124 | L21: 82 | M21: 0 | N21: -72
A22: KGI Bank
A23: 星展(台灣)商業銀行 | B23: 0 | C23: 0 | D23: 0 | E23: 0 | F23: 0 | G23: 0 | H23: 0 | I23: 0 | J23: 0 | K23: 0 | L23: 0 | M23: 0 | N23: 0
A24: DBS Bank (Taiwan) Ltd.
A25: 台新國際商業銀行 # | B25: 13596 | C25: 7963 | D25: 427 | E25: 5056 | F25: 150 | G25: 11841 | H25: 5037 | I25: 46 | J25: 4602 | K25: 627 | L25: 1529 | M25: 0 | N25: 1755
A26: Taishin International Bank
A27: 安泰商業銀行 | B27: 0 | C27: 0 | D27: 0 | E27: 0 | F27: 0 | G27: 0 | H27: 0 | I27: 0 | J27: 0 | K27: 0 | L27: 0 | M27: 0 | N27: 0
A28: Entie Commercial Bank
A29: 中國信託商業銀行 # | B29: 60489 | C29: 22447 | D29: 2669 | E29: 32775 | F29: 2598 | G29: 49248 | H29: 14171 | I29: 849 | J29: 29270 | K29: 3364 | L29: 1593 | M29: 0 | N29: 11241
A30: CTBC Bank Co., Ltd.
A31: 將來商業銀行 | B31: 0 | C31: 0 | D31: 0 | E31: 0 | F31: 0 | G31: 0 | H31: 0 | I31: 0 | J31: 0 | K31: 0 | L31: 0 | M31: 0 | N31: 0
A32: NEXT Commercial Bank Co., Ltd.
A33: 連線商業銀行 | B33: 0 | C33: 0 | D33: 0 | E33: 0 | F33: 0 | G33: 0 | H33: 0 | I33: 0 | J33: 0 | K33: 0 | L33: 0 | M33: 0 | N33: 0
A34: LINE Bank
A35: 樂天國際商業銀行 # | B35: 0 | C35: 0 | D35: 0 | E35: 0 | F35: 0 | G35: 0 | H35: 0 | I35: 0 | J35: 0 | K35: 0 | L35: 0 | M35: 0 | N35: 0
A36: Rakuten International Commercial Bank Co., LTD.
D42: =TEXT(D41,"##,##0") -> 0 | E42: =TEXT(E41,"##,##0") -> 0

Sheet 10-2(續十二)
A1: 10-2 金融機構損益簡表（續十二）
A2: 10-2 Abridged Income Statement（Cont.12）
A3: （１）本國銀行（大陸地區分行）Domestic Banks (Mainland Chinese Branches)
D4: ='10-2'!D4:F4 -> 115年 1 - 8月 | G4: ='10-2'!G4:J4 -> Jan. - Aug. 2026 | N4: 單位：新臺幣百萬元 NT$ Million
A5: 銀 行 別 by Bank | B5: 收 益 Revenues and Gains | G5: 費 損 Expenses and Losses | M5: 其他 | N5: 稅前
B6: 總計 | C6: 利息 | D6: 手續費 | E6: 透過損益按公允價值衡量 | F6: 其他 | G6: 總計 | H6: 利息 | I6: 手續費 | J6: 透過損益按公允價值衡量 | K6: 員工福 | L6: 其他 | M6: 損益 | N6: 損益
C7: 收入 | D7: 收入 | E7: 之金融資產及負債利益 | F7: 收益 | H7: 費用 | I7: 費用 | J7: 之金融資產及負債損失 | K7: 利費用 | L7: 費損 | N7: Income
B8: Total | C8: Interest | D8: Service | E8: Gains of Financial Assets | F8: Others | G8: Total | H8: Interest | I8: Service | J8: Losses of Financial Assets | K8: Employee | L8: Others | M8: Other | N8: before
C9: Income | D9: Revenue | E9: and Liabilities at Fair Value | H9: Expense | I9: Expense | J9: and Liabilities at Fair Value | K9: Benefit | M9: Gains | N9: Income
E10: through Profit or Loss | J10: through Profit or Loss | K10: Expense | M10: and Loses | N10: Tax
A11: 總 計 | B11: 21972 | C11: 6234 | D11: 213 | E11: 14432 | F11: 1094 | G11: 20059 | H11: 1812 | I11: 119 | J11: 14170 | K11: 1481 | L11: 2477 | M11: 0 | N11: 1914
A12: Total
A13: 臺灣銀行 # | B13: 574 | C13: 433 | D13: 1 | E13: 0 | F13: 140 | G13: 608 | H13: 104 | I13: 1 | J13: 0 | K13: 96 | L13: 408 | M13: 0 | N13: -34
A14: Bank of Taiwan
A15: 臺灣土地銀行 | B15: 1069 | C15: 651 | D15: 12 | E15: 0 | F15: 406 | G15: 268 | H15: 111 | I15: 1 | J15: 0 | K15: 95 | L15: 62 | M15: 0 | N15: 801
A16: Land Bank of Taiwan
A17: 合作金庫商業銀行 # | B17: 847 | C17: 511 | D17: 3 | E17: 0 | F17: 333 | G17: 220 | H17: 84 | I17: 2 | J17: 0 | K17: 87 | L17: 48 | M17: 0 | N17: 627
A18: Taiwan Cooperative Bank
A19: 第一商業銀行 # | B19: 694 | C19: 639 | D19: 24 | E19: 0 | F19: 31 | G19: 447 | H19: 132 | I19: 3 | J19: 0 | K19: 81 | L19: 232 | M19: 0 | N19: 247
A20: First Commercial Bank
A21: 華南商業銀行 # | B21: 310 | C21: 308 | D21: 2 | E21: 0 | F21: 1 | G21: 339 | H21: 31 | I21: 0 | J21: 0 | K21: 126 | L21: 181 | M21: 0 | N21: -29
A22: Hua Nan Commercial Bank, Ltd.
A23: 彰化商業銀行 | B23: 0 | C23: 0 | D23: 0 | E23: 0 | F23: 0 | G23: 0 | H23: 0 | I23: 0 | J23: 0 | K23: 0 | L23: 0 | M23: 0 | N23: 0
A24: Chang Hwa Commercial Bank
A25: 上海商業儲蓄銀行 | B25: 135 | C25: 125 | D25: 10 | E25: 0 | F25: 0 | G25: 96 | H25: 24 | I25: 0 | J25: 0 | K25: 33 | L25: 39 | M25: 0 | N25: 39
A26: The Shanghai Commercial & Savings Bank, Ltd.
A27: 台北富邦銀行 # | B27: 0 | C27: 0 | D27: 0 | E27: 0 | F27: 0 | G27: 0 | H27: 0 | I27: 0 | J27: 0 | K27: 0 | L27: 0 | M27: 0 | N27: 0
A28: Taipei Fubon Commercial Bank Co., Ltd
A29: 國泰世華商業銀行 # | B29: 0 | C29: 0 | D29: 0 | E29: 0 | F29: 0 | G29: 0 | H29: 0 | I29: 0 | J29: 0 | K29: 0 | L29: 0 | M29: 0 | N29: 0
A30: Cathay United Bank
A31: 中國輸出入銀行 | B31: 0 | C31: 0 | D31: 0 | E31: 0 | F31: 0 | G31: 0 | H31: 0 | I31: 0 | J31: 0 | K31: 0 | L31: 0 | M31: 0 | N31: 0
A32: The Export-Import Bank of The Republic of China
A33: 高雄銀行 | B33: 0 | C33: 0 | D33: 0 | E33: 0 | F33: 0 | G33: 0 | H33: 0 | I33: 0 | J33: 0 | K33: 0 | L33: 0 | M33: 0 | N33: 0
A34: Bank of Kaohsiung
A35: 兆豐國際商業銀行 # | B35: 717 | C35: 675 | D35: 25 | E35: 0 | F35: 18 | G35: 537 | H35: 276 | I35: 3 | J35: 0 | K35: 122 | L35: 136 | M35: 0 | N35: 181
A36: Mega International Commercial Bank Co., Ltd.
A37: 資料來源：金融機構申報資料（自結數）。
A38: 說 明：1.#係金融控股公司之子公司。
A39: ='10-2'!A39 -> 2.至115年8月止，38家本國銀行放款及催收款之備抵呆帳餘額為653,270百萬元，115年1至8月轉銷呆帳37,140百萬元。
D42: =TEXT(D41,"##,##0") -> 0 | E42: =TEXT(E41,"##,##0") -> 0

Sheet 10-2(續十三)
A1: 10-2 金融機構損益簡表（續十三）
A2: 10-2 Abridged Income Statement（Cont.13）
A3: （１）本國銀行（大陸地區分行）Domestic Banks (Mainland Chinese Branches)
D4: ='10-2'!D4:F4 -> 115年 1 - 8月 | G4: ='10-2'!G4:J4 -> Jan. - Aug. 2026 | N4: 單位：新臺幣百萬元 NT$ Million
A5: 銀 行 別 by Bank | B5: 收 益 Revenues and Gains | G5: 費 損 Expenses and Losses | M5: 其他 | N5: 稅前
B6: 總計 | C6: 利息 | D6: 手續費 | E6: 透過損益按公允價值衡量 | F6: 其他 | G6: 總計 | H6: 利息 | I6: 手續費 | J6: 透過損益按公允價值衡量 | K6: 員工福 | L6: 其他 | M6: 損益 | N6: 損益
C7: 收入 | D7: 收入 | E7: 之金融資產及負債利益 | F7: 收益 | H7: 費用 | I7: 費用 | J7: 之金融資產及負債損失 | K7: 利費用 | L7: 費損 | N7: Income
B8: Total | C8: Interest | D8: Service | E8: Gains of Financial Assets | F8: Others | G8: Total | H8: Interest | I8: Service | J8: Losses of Financial Assets | K8: Employee | L8: Others | M8: Other | N8: before
C9: Income | D9: Revenue | E9: and Liabilities at Fair Value | H9: Expense | I9: Expense | J9: and Liabilities at Fair Value | K9: Benefit | M9: Gains | N9: Income
E10: through Profit or Loss | J10: through Profit or Loss | K10: Expense | M10: and Loses | N10: Tax
A11: 花旗(台灣)商業銀行 | B11: 0 | C11: 0 | D11: 0 | E11: 0 | F11: 0 | G11: 0 | H11: 0 | I11: 0 | J11: 0 | K11: 0 | L11: 0 | M11: 0 | N11: 0
A12: Citibank Taiwan Ltd.
A13: 王道商業銀行 | B13: 0 | C13: 0 | D13: 0 | E13: 0 | F13: 0 | G13: 0 | H13: 0 | I13: 0 | J13: 0 | K13: 0 | L13: 0 | M13: 0 | N13: 0
A14: O-Bank Co., Ltd.
A15: 臺灣中小企業銀行 | B15: 228 | C15: 227 | D15: 1 | E15: 0 | F15: 0 | G15: 173 | H15: 16 | I15: 1 | J15: 0 | K15: 43 | L15: 114 | M15: 0 | N15: 55
A16: Taiwan Business Bank
A17: 渣打國際商業銀行 | B17: 0 | C17: 0 | D17: 0 | E17: 0 | F17: 0 | G17: 0 | H17: 0 | I17: 0 | J17: 0 | K17: 0 | L17: 0 | M17: 0 | N17: 0
A18: Standard Chartered Bank (Taiwan) Limited
A19: 台中商業銀行 | B19: 0 | C19: 0 | D19: 0 | E19: 0 | F19: 0 | G19: 0 | H19: 0 | I19: 0 | J19: 0 | K19: 0 | L19: 0 | M19: 0 | N19: 0
A20: Taichung Commercial Bank
A21: 京城商業銀行 # | B21: 0 | C21: 0 | D21: 0 | E21: 0 | F21: 0 | G21: 0 | H21: 0 | I21: 0 | J21: 0 | K21: 0 | L21: 0 | M21: 0 | N21: 0
A22: Kings Town Bank
A23: 滙豐(台灣)商業銀行 | B23: 0 | C23: 0 | D23: 0 | E23: 0 | F23: 0 | G23: 0 | H23: 0 | I23: 0 | J23: 0 | K23: 0 | L23: 0 | M23: 0 | N23: 0
A24: HSBC Bank(Taiwan) Ltd.
A25: 瑞興商業銀行 | B25: 0 | C25: 0 | D25: 0 | E25: 0 | F25: 0 | G25: 0 | H25: 0 | I25: 0 | J25: 0 | K25: 0 | L25: 0 | M25: 0 | N25: 0
A26: Taipei Star Bank
A27: 華泰商業銀行 | B27: 0 | C27: 0 | D27: 0 | E27: 0 | F27: 0 | G27: 0 | H27: 0 | I27: 0 | J27: 0 | K27: 0 | L27: 0 | M27: 0 | N27: 0
A28: Hwatai Bank
A29: 臺灣新光商業銀行 # | B29: 0 | C29: 0 | D29: 0 | E29: 0 | F29: 0 | G29: 0 | H29: 0 | I29: 0 | J29: 0 | K29: 0 | L29: 0 | M29: 0 | N29: 0
A30: Taiwan Shin Kong Commercial Bank
A31: 陽信商業銀行 | B31: 0 | C31: 0 | D31: 0 | E31: 0 | F31: 0 | G31: 0 | H31: 0 | I31: 0 | J31: 0 | K31: 0 | L31: 0 | M31: 0 | N31: 0
A32: Sunny Bank Ltd.
A33: 板信商業銀行 | B33: 0 | C33: 0 | D33: 0 | E33: 0 | F33: 0 | G33: 0 | H33: 0 | I33: 0 | J33: 0 | K33: 0 | L33: 0 | M33: 0 | N33: 0
A34: Bank of Panhsin
A35: 三信商業銀行 | B35: 0 | C35: 0 | D35: 0 | E35: 0 | F35: 0 | G35: 0 | H35: 0 | I35: 0 | J35: 0 | K35: 0 | L35: 0 | M35: 0 | N35: 0
A36: Cota Bank
A37: Source：Provided by individual institution.
A38: Note：# refer to the subsidary of financial holding companies.
D42: =TEXT(D41,"##,##0") -> 0 | E42: =TEXT(E41,"##,##0") -> 0

Sheet 10-2(續十四)
A1: 10-2 金融機構損益簡表（續十四）
A2: 10-2 Abridged Income Statement（Cont.14）
A3: （１）本國銀行（大陸地區分行）Domestic Banks (Mainland Chinese Branches)
D4: ='10-2'!D4:F4 -> 115年 1 - 8月 | G4: ='10-2'!G4:J4 -> Jan. - Aug. 2026 | N4: 單位：新臺幣百萬元 NT$ Million
A5: 銀 行 別 by Bank | B5: 收 益 Revenues and Gains | G5: 費 損 Expenses and Losses | M5: 其他 | N5: 稅前
B6: 總計 | C6: 利息 | D6: 手續費 | E6: 透過損益按公允價值衡量 | F6: 其他 | G6: 總計 | H6: 利息 | I6: 手續費 | J6: 透過損益按公允價值衡量 | K6: 員工福 | L6: 其他 | M6: 損益 | N6: 損益
C7: 收入 | D7: 收入 | E7: 之金融資產及負債利益 | F7: 收益 | H7: 費用 | I7: 費用 | J7: 之金融資產及負債損失 | K7: 利費用 | L7: 費損 | N7: Income
B8: Total | C8: Interest | D8: Service | E8: Gains of Financial Assets | F8: Others | G8: Total | H8: Interest | I8: Service | J8: Losses of Financial Assets | K8: Employee | L8: Others | M8: Other | N8: before
C9: Income | D9: Revenue | E9: and Liabilities at Fair Value | H9: Expense | I9: Expense | J9: and Liabilities at Fair Value | K9: Benefit | M9: Gains | N9: Income
E10: through Profit or Loss | J10: through Profit or Loss | K10: Expense | M10: and Loses | N10: Tax
A11: 聯邦商業銀行 | B11: 0 | C11: 0 | D11: 0 | E11: 0 | F11: 0 | G11: 0 | H11: 0 | I11: 0 | J11: 0 | K11: 0 | L11: 0 | M11: 0 | N11: 0
A12: Union Bank of Taiwan
A13: 遠東國際商業銀行 | B13: 0 | C13: 0 | D13: 0 | E13: 0 | F13: 0 | G13: 0 | H13: 0 | I13: 0 | J13: 0 | K13: 0 | L13: 0 | M13: 0 | N13: 0
A14: Far Eastern International Bank
A15: 元大商業銀行 # | B15: 0 | C15: 0 | D15: 0 | E15: 0 | F15: 0 | G15: 0 | H15: 0 | I15: 0 | J15: 0 | K15: 0 | L15: 0 | M15: 0 | N15: 0
A16: Yuanta Commercial Bank Co., Ltd.
A17: 永豐商業銀行 # | B17: 0 | C17: 0 | D17: 0 | E17: 0 | F17: 0 | G17: 0 | H17: 0 | I17: 0 | J17: 0 | K17: 0 | L17: 0 | M17: 0 | N17: 0
A18: Bank SinoPac Company Limited
A19: 玉山商業銀行 # | B19: 0 | C19: 0 | D19: 0 | E19: 0 | F19: 0 | G19: 0 | H19: 0 | I19: 0 | J19: 0 | K19: 0 | L19: 0 | M19: 0 | N19: 0
A20: E.Sun Commercial Bank, Ltd.
A21: 凱基商業銀行 # | B21: 0 | C21: 0 | D21: 0 | E21: 0 | F21: 0 | G21: 0 | H21: 0 | I21: 0 | J21: 0 | K21: 0 | L21: 0 | M21: 0 | N21: 0
A22: KGI Bank
A23: 星展(台灣)商業銀行 | B23: 0 | C23: 0 | D23: 0 | E23: 0 | F23: 0 | G23: 0 | H23: 0 | I23: 0 | J23: 0 | K23: 0 | L23: 0 | M23: 0 | N23: 0
A24: DBS Bank (Taiwan) Ltd.
A25: 台新國際商業銀行 # | B25: 0 | C25: 0 | D25: 0 | E25: 0 | F25: 0 | G25: 0 | H25: 0 | I25: 0 | J25: 0 | K25: 0 | L25: 0 | M25: 0 | N25: 0
A26: Taishin International Bank
A27: 安泰商業銀行 | B27: 0 | C27: 0 | D27: 0 | E27: 0 | F27: 0 | G27: 0 | H27: 0 | I27: 0 | J27: 0 | K27: 0 | L27: 0 | M27: 0 | N27: 0
A28: Entie Commercial Bank
A29: 中國信託商業銀行 # | B29: 17397 | C29: 2666 | D29: 137 | E29: 14432 | F29: 163 | G29: 17370 | H29: 1034 | I29: 109 | J29: 14170 | K29: 798 | L29: 1258 | M29: 0 | N29: 27
A30: CTBC Bank Co., Ltd.
A31: 將來商業銀行 | B31: 0 | C31: 0 | D31: 0 | E31: 0 | F31: 0 | G31: 0 | H31: 0 | I31: 0 | J31: 0 | K31: 0 | L31: 0 | M31: 0 | N31: 0
A32: NEXT Commercial Bank Co., Ltd.
A33: 連線商業銀行 | B33: 0 | C33: 0 | D33: 0 | E33: 0 | F33: 0 | G33: 0 | H33: 0 | I33: 0 | J33: 0 | K33: 0 | L33: 0 | M33: 0 | N33: 0
A34: LINE Bank
A35: 樂天國際商業銀行 # | B35: 0 | C35: 0 | D35: 0 | E35: 0 | F35: 0 | G35: 0 | H35: 0 | I35: 0 | J35: 0 | K35: 0 | L35: 0 | M35: 0 | N35: 0
A36: Rakuten International Commercial Bank Co., LTD.
D42: =TEXT(D41,"##,##0") -> 0 | E42: =TEXT(E41,"##,##0") -> 0

Sheet 10-2(續十五)
A1: 10-2 金融機構損益簡表（續十五）
A2: 10-2 Abridged Income Statement（Cont.15）
A3: （２）外國銀行在臺分行（含OBU）Local Branches of Foreign Banks (Include OBU)
D4: ='10-2'!D4:F4 -> 115年 1 - 8月 | G4: ='10-2'!G4:J4 -> Jan. - Aug. 2026 | N4: 單位：新臺幣百萬元 NT$ Million
A5: 銀 行 別 by Bank | B5: 收 益 Revenues and Gains | G5: 費 損 Expenses and Losses | M5: 其他 | N5: 稅前
B6: 總計 | C6: 利息 | D6: 手續費 | E6: 透過損益按公允價值衡量 | F6: 其他 | G6: 總計 | H6: 利息 | I6: 手續費 | J6: 透過損益按公允價值衡量 | K6: 員工福 | L6: 其他 | M6: 損益 | N6: 損益
C7: 收入 | D7: 收入 | E7: 之金融資產及負債利益 | F7: 收益 | H7: 費用 | I7: 費用 | J7: 之金融資產及負債損失 | K7: 利費用 | L7: 費損 | N7: Income
B8: Total | C8: Interest | D8: Service | E8: Gains of Financial Assets | F8: Others | G8: Total | H8: Interest | I8: Service | J8: Losses of Financial Assets | K8: Employee | L8: Others | M8: Other | N8: before
C9: Income | D9: Revenue | E9: and Liabilities at Fair Value | H9: Expense | I9: Expense | J9: and Liabilities at Fair Value | K9: Benefit | M9: Gains | N9: Income
E10: through Profit or Loss | J10: through Profit or Loss | K10: Expense | M10: and Loses | N10: Tax
A11: 總 計 | B11: 189804 | C11: 85834 | D11: 6540 | E11: 72429 | F11: 25001 | G11: 171287 | H11: 73990 | I11: 405 | J11: 73708 | K11: 5945 | L11: 17238 | M11: 0 | N11: 18518
A12: Total
A13: 日商瑞穗銀行 | B13: 21401 | C13: 11287 | D13: 512 | E13: 1914 | F13: 7688 | G13: 17890 | H13: 10437 | I13: 27 | J13: 6827 | K13: 476 | L13: 122 | M13: 0 | N13: 3511
A14: Mizuho Bank Ltd.
A15: 美商美國銀行 | B15: 5791 | C15: 2545 | D15: 106 | E15: 2734 | F15: 406 | G15: 4973 | H15: 1897 | I15: 9 | J15: 1367 | K15: 371 | L15: 1328 | M15: 0 | N15: 818
A16: Bank of America, National Association
A17: 泰國盤谷銀行 | B17: 762 | C17: 363 | D17: 34 | E17: 290 | F17: 75 | G17: 724 | H17: 289 | I17: 2 | J17: 131 | K17: 126 | L17: 176 | M17: 0 | N17: 38
A18: Bangkok Bank Public Company Ltd.
A19: 菲律賓首都銀行 | B19: 412 | C19: 290 | D19: 41 | E19: 0 | F19: 82 | G19: 416 | H19: 277 | I19: 3 | J19: 6 | K19: 43 | L19: 87 | M19: 0 | N19: -4
A20: Metropolitan Bank and Trust Company
A21: 美商美國紐約梅隆銀行 | B21: 369 | C21: 30 | D21: 1 | E21: 169 | F21: 168 | G21: 217 | H21: 2 | I21: 0 | J21: 0 | K21: 84 | L21: 131 | M21: 0 | N21: 152
A22: The Bank of New York Mellon
A23: 新加坡大華銀行 | B23: 7032 | C23: 4857 | D23: 87 | E23: 0 | F23: 2088 | G23: 7630 | H23: 4517 | I23: 3 | J23: 1744 | K23: 171 | L23: 1195 | M23: 0 | N23: -598
A24: United Overseas Bank
A25: 美商道富銀行 | B25: 5448 | C25: 28 | D25: 213 | E25: 32 | F25: 5176 | G25: 4052 | H25: 39 | I25: 0 | J25: 837 | K25: 158 | L25: 3018 | M25: 0 | N25: 1396
A26: State Street Bank and Trust Company
A27: 法國興業銀行 | B27: 29168 | C27: 1555 | D27: 30 | E27: 27139 | F27: 444 | G27: 28650 | H27: 1422 | I27: 39 | J27: 27075 | K27: 166 | L27: -51 | M27: 0 | N27: 518
A28: Societe Generale
A29: 德商德意志銀行 | B29: 8232 | C29: 3782 | D29: 144 | E29: 3536 | F29: 771 | G29: 7636 | H29: 3061 | I29: 33 | J29: 3501 | K29: 256 | L29: 784 | M29: 0 | N29: 596
A30: Deutsche Bank AG
A31: 香港東亞銀行 | B31: 1416 | C31: 893 | D31: 30 | E31: 492 | F31: 0 | G31: 1222 | H31: 701 | I31: 1 | J31: 275 | K31: 67 | L31: 177 | M31: 0 | N31: 194
A32: The Bank of East Asia Ltd.
A33: 美商摩根大通銀行 | B33: 6516 | C33: 1583 | D33: 932 | E33: 3461 | F33: 540 | G33: 6314 | H33: 975 | I33: 36 | J33: 1498 | K33: 667 | L33: 3138 | M33: 0 | N33: 203
A34: JPMorgan Chase Bank, N.A.
A35: 新加坡商星展銀行 | B35: 5586 | C35: 4727 | D35: 622 | E35: 178 | F35: 59 | G35: 4641 | H35: 3255 | I35: 0 | J35: 561 | K35: 53 | L35: 771 | M35: 0 | N35: 945
A36: DBS Bank Ltd.
A37: 資料來源：金融機構申報資料（自結數）。
D42: =TEXT(D41,"##,##0") -> 0 | E42: =TEXT(E41,"##,##0") -> 0

Sheet 10-2(續十六)
A1: 10-2 金融機構損益簡表（續十六）
A2: 10-2 Abridged Income Statement（Cont.16）
A3: （２）外國銀行在臺分行（含OBU）Local Branches of Foreign Banks (Include OBU)
D4: ='10-2'!D4:F4 -> 115年 1 - 8月 | G4: ='10-2'!G4:J4 -> Jan. - Aug. 2026 | N4: 單位：新臺幣百萬元 NT$ Million
A5: 銀 行 別 by Bank | B5: 收 益 Revenues and Gains | G5: 費 損 Expenses and Losses | M5: 其他 | N5: 稅前
B6: 總計 | C6: 利息 | D6: 手續費 | E6: 透過損益按公允價值衡量 | F6: 其他 | G6: 總計 | H6: 利息 | I6: 手續費 | J6: 透過損益按公允價值衡量 | K6: 員工福 | L6: 其他 | M6: 損益 | N6: 損益
C7: 收入 | D7: 收入 | E7: 之金融資產及負債利益 | F7: 收益 | H7: 費用 | I7: 費用 | J7: 之金融資產及負債損失 | K7: 利費用 | L7: 費損 | N7: Income
B8: Total | C8: Interest | D8: Service | E8: Gains of Financial Assets | F8: Others | G8: Total | H8: Interest | I8: Service | J8: Losses of Financial Assets | K8: Employee | L8: Others | M8: Other | N8: before
C9: Income | D9: Revenue | E9: and Liabilities at Fair Value | H9: Expense | I9: Expense | J9: and Liabilities at Fair Value | K9: Benefit | M9: Gains | N9: Income
E10: through Profit or Loss | J10: through Profit or Loss | K10: Expense | M10: and Loses | N10: Tax
A11: 法商法國巴黎銀行 | B11: 7391 | C11: 3166 | D11: 1724 | E11: 1628 | F11: 872 | G11: 5128 | H11: 2685 | I11: 68 | J11: 638 | K11: 731 | L11: 1005 | M11: 0 | N11: 2263
A12: BNP Paribas
A13: 英商渣打銀行 | B13: 518 | C13: 466 | D13: 51 | E13: 0 | F13: 1 | G13: 449 | H13: 285 | I13: 3 | J13: 0 | K13: 15 | L13: 146 | M13: 0 | N13: 69
A14: Standard Chartered Bank
A15: 新加坡商新加坡華僑銀行 | B15: 6856 | C15: 3868 | D15: 77 | E15: 2741 | F15: 170 | G15: 6372 | H15: 3820 | I15: 16 | J15: 1972 | K15: 118 | L15: 445 | M15: 0 | N15: 485
A16: Oversea-Chinese Banking Corporation Ltd.
A17: 法國東方匯理銀行 | B17: 10276 | C17: 4835 | D17: 257 | E17: 2320 | F17: 2864 | G17: 9401 | H17: 4732 | I17: 22 | J17: 3936 | K17: 260 | L17: 450 | M17: 0 | N17: 875
A18: Calyon Corporate and Investment Bank
A19: 瑞士商瑞士銀行 | B19: 5930 | C19: 3149 | D19: 789 | E19: 1882 | F19: 110 | G19: 4662 | H19: 2099 | I19: 52 | J19: 0 | K19: 889 | L19: 1621 | M19: 0 | N19: 1268
A20: UBS AG
A21: 荷蘭商安智銀行 | B21: 10609 | C21: 8531 | D21: 125 | E21: 1888 | F21: 65 | G21: 9819 | H21: 7689 | I21: 15 | J21: 1457 | K21: 125 | L21: 533 | M21: 0 | N21: 790
A22: ING Bank, N. V.
A23: 美商富國銀行 | B23: 165 | C23: 8 | D23: 2 | E23: 0 | F23: 155 | G23: 178 | H23: 2 | I23: 0 | J23: 0 | K23: 93 | L23: 83 | M23: 0 | N23: -12
A24: Wells Fargo Bank, National Association
A25: 日商三菱日聯銀行 | B25: 25374 | C25: 7806 | D25: 163 | E25: 17404 | F25: 0 | G25: 22990 | H25: 5772 | I25: 26 | J25: 16369 | K25: 313 | L25: 510 | M25: 0 | N25: 2384
A26: MUFG Bank
A27: 日商三井住友銀行 | B27: 14949 | C27: 11106 | D27: 230 | E27: 2662 | F27: 952 | G27: 13099 | H27: 9707 | I27: 19 | J27: 3283 | K27: 247 | L27: -157 | M27: 0 | N27: 1851
A28: Sumitomo Mitsui Banking Corporation
A29: 美商花旗銀行 | B29: 1831 | C29: 1765 | D29: 66 | E29: 0 | F29: 0 | G29: 1883 | H29: 1503 | I29: 0 | J29: 0 | K29: 21 | L29: 359 | M29: 0 | N29: -52
A30: Citibank N. A.
A31: 香港上海滙豐銀行 | B31: 2198 | C31: 1943 | D31: 141 | E31: 0 | F31: 113 | G31: 2037 | H31: 1643 | I31: 6 | J31: 0 | K31: 31 | L31: 356 | M31: 0 | N31: 161
A32: The Hongkong and Shanghai Banking Corp.Ltd.
A33: 西班牙商西班牙對外銀行 | B33: 4096 | C33: 3435 | D33: 84 | E33: 0 | F33: 577 | G33: 3966 | H33: 2986 | I33: 1 | J33: 392 | K33: 61 | L33: 527 | M33: 0 | N33: 129
A34: Banco Bilbao Vizcaya Argentaria S.A.
A35: 澳商澳盛銀行 | B35: 4499 | C35: 2751 | D35: 48 | E35: 682 | F35: 1018 | G35: 4243 | H35: 3278 | I35: 15 | J35: 399 | K35: 283 | L35: 268 | M35: 0 | N35: 256
A36: ANZ Signature Priority Banking
A37: Source：Provided by individual institution.
D42: =TEXT(D41,"##,##0") -> 0 | E42: =TEXT(E41,"##,##0") -> 0

Sheet 10-2(續十七)
A1: 10-2 金融機構損益簡表（續十七）
A2: 10-2 Abridged Income Statement（Cont.17）
A3: （２）外國銀行在臺分行（含OBU）Local Branches of Foreign Banks (Include OBU)
D4: ='10-2'!D4:F4 -> 115年 1 - 8月 | G4: ='10-2'!G4:J4 -> Jan. - Aug. 2026 | N4: 單位：新臺幣百萬元 NT$ Million
A5: 銀 行 別 by Bank | B5: 收 益 Revenues and Gains | G5: 費 損 Expenses and Losses | M5: 其他 | N5: 稅前
B6: 總計 | C6: 利息 | D6: 手續費 | E6: 透過損益按公允價值衡量 | F6: 其他 | G6: 總計 | H6: 利息 | I6: 手續費 | J6: 透過損益按公允價值衡量 | K6: 員工福 | L6: 其他 | M6: 損益 | N6: 損益
C7: 收入 | D7: 收入 | E7: 之金融資產及負債利益 | F7: 收益 | H7: 費用 | I7: 費用 | J7: 之金融資產及負債損失 | K7: 利費用 | L7: 費損 | N7: Income
B8: Total | C8: Interest | D8: Service | E8: Gains of Financial Assets | F8: Others | G8: Total | H8: Interest | I8: Service | J8: Losses of Financial Assets | K8: Employee | L8: Others | M8: Other | N8: before
C9: Income | D9: Revenue | E9: and Liabilities at Fair Value | H9: Expense | I9: Expense | J9: and Liabilities at Fair Value | K9: Benefit | M9: Gains | N9: Income
E10: through Profit or Loss | J10: through Profit or Loss | K10: Expense | M10: and Loses | N10: Tax
A11: 法商法國外貿銀行 | B11: 2364 | C11: 518 | D11: 4 | E11: 1277 | F11: 565 | G11: 2202 | H11: 563 | I11: 5 | J11: 1439 | K11: 78 | L11: 117 | M11: 0 | N11: 162
A12: Natixis Bank
A13: 印尼商印尼人民銀行 | B13: 378 | C13: 330 | D13: 20 | E13: 0 | F13: 27 | G13: 279 | H13: 190 | I13: 1 | J13: 0 | K13: 27 | L13: 61 | M13: 0 | N13: 98
A14: PT Bank Rakyat Indonesia (Persero) Tbk.
A15: 韓商韓亞銀行 | B15: 236 | C15: 216 | D15: 5 | E15: 0 | F15: 15 | G15: 215 | H15: 163 | I15: 1 | J15: 0 | K15: 16 | L15: 35 | M15: 0 | N15: 21
A16: KEB Hana Bank
D42: =TEXT(D41,"##,##0") -> 0 | E42: =TEXT(E41,"##,##0") -> 0

Sheet 10-2(續十八)
A1: 10-2 金融機構損益簡表（續十八）
A2: 10-2 Abridged Income Statement（Cont.18）
A3: （２）外國銀行在臺分行（不含OBU）Local Branches of Foreign Banks (Exclude OBU)
D4: ='10-2'!D4:F4 -> 115年 1 - 8月 | G4: ='10-2'!G4:J4 -> Jan. - Aug. 2026 | N4: 單位：新臺幣百萬元 NT$ Million
A5: 銀 行 別 by Bank | B5: 收 益 Revenues and Gains | G5: 費 損 Expenses and Losses | M5: 其他 | N5: 稅前
B6: 總計 | C6: 利息 | D6: 手續費 | E6: 透過損益按公允價值衡量 | F6: 其他 | G6: 總計 | H6: 利息 | I6: 手續費 | J6: 透過損益按公允價值衡量 | K6: 員工福 | L6: 其他 | M6: 損益 | N6: 損益
C7: 收入 | D7: 收入 | E7: 之金融資產及負債利益 | F7: 收益 | H7: 費用 | I7: 費用 | J7: 之金融資產及負債損失 | K7: 利費用 | L7: 費損 | N7: Income
B8: Total | C8: Interest | D8: Service | E8: Gains of Financial Assets | F8: Others | G8: Total | H8: Interest | I8: Service | J8: Losses of Financial Assets | K8: Employee | L8: Others | M8: Other | N8: before
C9: Income | D9: Revenue | E9: and Liabilities at Fair Value | H9: Expense | I9: Expense | J9: and Liabilities at Fair Value | K9: Benefit | M9: Gains | N9: Income
E10: through Profit or Loss | J10: through Profit or Loss | K10: Expense | M10: and Loses | N10: Tax
A11: 總 計 | B11: 160668 | C11: 58432 | D11: 5120 | E11: 69324 | F11: 27793 | G11: 147190 | H11: 47076 | I11: 359 | J11: 71899 | K11: 5246 | L11: 22610 | M11: 0 | N11: 13477
A12: Total
A13: 日商瑞穗銀行 | B13: 16625 | C13: 6537 | D13: 490 | E13: 1914 | F13: 7684 | G13: 13232 | H13: 4470 | I13: 27 | J13: 6827 | K13: 439 | L13: 1468 | M13: 0 | N13: 3393
A14: Mizuho Bank Ltd.
A15: 美商美國銀行 | B15: 5561 | C15: 2322 | D15: 106 | E15: 2728 | F15: 406 | G15: 4875 | H15: 1881 | I15: 9 | J15: 1362 | K15: 326 | L15: 1297 | M15: 0 | N15: 686
A16: Bank of America, National Association
A17: 泰國盤谷銀行 | B17: 716 | C17: 316 | D17: 33 | E17: 290 | F17: 76 | G17: 693 | H17: 278 | I17: 2 | J17: 131 | K17: 126 | L17: 157 | M17: 0 | N17: 23
A18: Bangkok Bank Public Company Ltd.
A19: 菲律賓首都銀行 | B19: 337 | C19: 217 | D19: 38 | E19: 0 | F19: 82 | G19: 378 | H19: 231 | I19: 3 | J19: 6 | K19: 43 | L19: 96 | M19: 0 | N19: -41
A20: Metropolitan Bank and Trust Company
A21: 美商美國紐約梅隆銀行 | B21: 364 | C21: 30 | D21: 1 | E21: 169 | F21: 164 | G21: 232 | H21: 2 | I21: 0 | J21: 0 | K21: 84 | L21: 146 | M21: 0 | N21: 132
A22: The Bank of New York Mellon
A23: 新加坡大華銀行 | B23: 6757 | C23: 4585 | D23: 86 | E23: 0 | F23: 2086 | G23: 7433 | H23: 4346 | I23: 3 | J23: 1747 | K23: 171 | L23: 1166 | M23: 0 | N23: -676
A24: United Overseas Bank
A25: 美商道富銀行 | B25: 5448 | C25: 28 | D25: 213 | E25: 32 | F25: 5176 | G25: 4052 | H25: 39 | I25: 0 | J25: 837 | K25: 158 | L25: 3018 | M25: 0 | N25: 1396
A26: State Street Bank and Trust Company
A27: 法國興業銀行 | B27: 27868 | C27: 373 | D27: 30 | E27: 27007 | F27: 458 | G27: 27337 | H27: 252 | I27: 39 | J27: 26939 | K27: 163 | L27: -56 | M27: 0 | N27: 531
A28: Societe Generale
A29: 德商德意志銀行 | B29: 8171 | C29: 3782 | D29: 144 | E29: 3536 | F29: 709 | G29: 8447 | H29: 821 | I29: 33 | J29: 3575 | K29: 256 | L29: 3761 | M29: 0 | N29: -276
A30: Deutsche Bank AG
A31: 香港東亞銀行 | B31: 1102 | C31: 592 | D31: 18 | E31: 492 | F31: 0 | G31: 1037 | H31: 552 | I31: 0 | J31: 275 | K31: 48 | L31: 162 | M31: 0 | N31: 66
A32: The Bank of East Asia Ltd.
A33: 美商摩根大通銀行 | B33: 6494 | C33: 1540 | D33: 932 | E33: 3457 | F33: 565 | G33: 6321 | H33: 972 | I33: 36 | J33: 1523 | K33: 667 | L33: 3122 | M33: 0 | N33: 173
A34: JPMorgan Chase Bank, N.A.
A35: 新加坡商星展銀行 | B35: 4415 | C35: 3657 | D35: 590 | E35: 115 | F35: 53 | G35: 3926 | H35: 2542 | I35: 0 | J35: 507 | K35: 40 | L35: 837 | M35: 0 | N35: 489
A36: DBS Bank Ltd.
A37: 資料來源：金融機構申報資料（自結數）。
D42: =TEXT(D41,"##,##0") -> 0 | E42: =TEXT(E41,"##,##0") -> 0

Sheet 10-2(續十九)
A1: 10-2 金融機構損益簡表（續十九）
A2: 10-2 Abridged Income Statement（Cont.19）
A3: （２）外國銀行在臺分行（不含OBU）Local Branches of Foreign Banks (Exclude OBU)
D4: ='10-2'!D4:F4 -> 115年 1 - 8月 | G4: ='10-2'!G4:J4 -> Jan. - Aug. 2026 | N4: 單位：新臺幣百萬元 NT$ Million
A5: 銀 行 別 by Bank | B5: 收 益 Revenues and Gains | G5: 費 損 Expenses and Losses | M5: 其他 | N5: 稅前
B6: 總計 | C6: 利息 | D6: 手續費 | E6: 透過損益按公允價值衡量 | F6: 其他 | G6: 總計 | H6: 利息 | I6: 手續費 | J6: 透過損益按公允價值衡量 | K6: 員工福 | L6: 其他 | M6: 損益 | N6: 損益
C7: 收入 | D7: 收入 | E7: 之金融資產及負債利益 | F7: 收益 | H7: 費用 | I7: 費用 | J7: 之金融資產及負債損失 | K7: 利費用 | L7: 費損 | N7: Income
B8: Total | C8: Interest | D8: Service | E8: Gains of Financial Assets | F8: Others | G8: Total | H8: Interest | I8: Service | J8: Losses of Financial Assets | K8: Employee | L8: Others | M8: Other | N8: before
C9: Income | D9: Revenue | E9: and Liabilities at Fair Value | H9: Expense | I9: Expense | J9: and Liabilities at Fair Value | K9: Benefit | M9: Gains | N9: Income
E10: through Profit or Loss | J10: through Profit or Loss | K10: Expense | M10: and Loses | N10: Tax
A11: 法商法國巴黎銀行 | B11: 4570 | C11: 1982 | D11: 997 | E11: 545 | F11: 1046 | G11: 3628 | H11: 1851 | I11: 45 | J11: 0 | K11: 731 | L11: 1001 | M11: 0 | N11: 941
A12: BNP Paribas
A13: 英商渣打銀行 | B13: 462 | C13: 428 | D13: 33 | E13: 0 | F13: 1 | G13: 436 | H13: 273 | I13: 3 | J13: 0 | K13: 15 | L13: 145 | M13: 0 | N13: 26
A14: Standard Chartered Bank
A15: 新加坡商新加坡華僑銀行 | B15: 6627 | C15: 3695 | D15: 76 | E15: 2686 | F15: 170 | G15: 6480 | H15: 3805 | I15: 16 | J15: 1392 | K15: 108 | L15: 1159 | M15: 0 | N15: 147
A16: Oversea-Chinese Banking Corporation Ltd.
A17: 法國東方匯理銀行 | B17: 9487 | C17: 4509 | D17: 217 | E17: 1895 | F17: 2867 | G17: 8673 | H17: 3221 | I17: 22 | J17: 3509 | K17: 260 | L17: 1661 | M17: 0 | N17: 814
A18: Calyon Corporate and Investment Bank
A19: 瑞士商瑞士銀行 | B19: 2666 | C19: 1628 | D19: 304 | E19: 625 | F19: 110 | G19: 2114 | H19: 845 | I19: 32 | J19: 0 | K19: 422 | L19: 815 | M19: 0 | N19: 552
A20: UBS AG
A21: 荷蘭商安智銀行 | B21: 7421 | C21: 3162 | D21: 112 | E21: 1886 | F21: 2262 | G21: 7076 | H21: 4957 | I21: 15 | J21: 1456 | K21: 125 | L21: 523 | M21: 0 | N21: 345
A22: ING Bank, N. V.
A23: 美商富國銀行 | B23: 165 | C23: 8 | D23: 2 | E23: 0 | F23: 155 | G23: 178 | H23: 2 | I23: 0 | J23: 0 | K23: 93 | L23: 83 | M23: 0 | N23: -13
A24: Wells Fargo Bank, National Association
A25: 日商三菱日聯銀行 | B25: 22213 | C25: 4659 | D25: 162 | E25: 17391 | F25: 0 | G25: 19897 | H25: 2772 | I25: 26 | J25: 16357 | K25: 309 | L25: 433 | M25: 0 | N25: 2316
A26: MUFG Bank
A27: 日商三井住友銀行 | B27: 8373 | C27: 4535 | D27: 226 | E27: 2662 | F27: 950 | G27: 6366 | H27: 3026 | I27: 19 | J27: 3283 | K27: 219 | L27: -182 | M27: 0 | N27: 2007
A28: Sumitomo Mitsui Banking Corporation
A29: 美商花旗銀行 | B29: 1716 | C29: 1702 | D29: 14 | E29: 0 | F29: 0 | G29: 1973 | H29: 1468 | I29: 0 | J29: 0 | K29: 18 | L29: 487 | M29: 0 | N29: -257
A30: Citibank N. A.
A31: 香港上海滙豐銀行 | B31: 2184 | C31: 1825 | D31: 141 | E31: 0 | F31: 217 | G31: 2030 | H31: 1643 | I31: 6 | J31: 0 | K31: 31 | L31: 349 | M31: 0 | N31: 154
A32: The Hongkong and Shanghai Banking Corp.Ltd.
A33: 西班牙商西班牙對外銀行 | B33: 4096 | C33: 3435 | D33: 84 | E33: 0 | F33: 577 | G33: 3966 | H33: 2986 | I33: 1 | J33: 392 | K33: 61 | L33: 527 | M33: 0 | N33: 129
A34: Banco Bilbao Vizcaya Argentaria S.A.
A35: 澳商澳盛銀行 | B35: 4020 | C35: 1987 | D35: 44 | E35: 617 | F35: 1373 | G35: 3887 | H35: 3056 | I35: 14 | J35: 341 | K35: 226 | L35: 249 | M35: 0 | N35: 134
A36: ANZ Signature Priority Banking
A37: Source：Provided by individual institution.
D42: =TEXT(D41,"##,##0") -> 0 | E42: =TEXT(E41,"##,##0") -> 0

Sheet 10-2(續二十)
A1: 10-2 金融機構損益簡表（續二十）
A2: 10-2 Abridged Income Statement（Cont.20）
A3: （２）外國銀行在臺分行（不含OBU）Local Branches of Foreign Banks (Exclude OBU)
D4: ='10-2'!D4:F4 -> 115年 1 - 8月 | G4: ='10-2'!G4:J4 -> Jan. - Aug. 2026 | N4: 單位：新臺幣百萬元 NT$ Million
A5: 銀 行 別 by Bank | B5: 收 益 Revenues and Gains | G5: 費 損 Expenses and Losses | M5: 其他 | N5: 稅前
B6: 總計 | C6: 利息 | D6: 手續費 | E6: 透過損益按公允價值衡量 | F6: 其他 | G6: 總計 | H6: 利息 | I6: 手續費 | J6: 透過損益按公允價值衡量 | K6: 員工福 | L6: 其他 | M6: 損益 | N6: 損益
C7: 收入 | D7: 收入 | E7: 之金融資產及負債利益 | F7: 收益 | H7: 費用 | I7: 費用 | J7: 之金融資產及負債損失 | K7: 利費用 | L7: 費損 | N7: Income
B8: Total | C8: Interest | D8: Service | E8: Gains of Financial Assets | F8: Others | G8: Total | H8: Interest | I8: Service | J8: Losses of Financial Assets | K8: Employee | L8: Others | M8: Other | N8: before
C9: Income | D9: Revenue | E9: and Liabilities at Fair Value | H9: Expense | I9: Expense | J9: and Liabilities at Fair Value | K9: Benefit | M9: Gains | N9: Income
E10: through Profit or Loss | J10: through Profit or Loss | K10: Expense | M10: and Loses | N10: Tax
A11: 法商法國外貿銀行 | B11: 2364 | C11: 518 | D11: 4 | E11: 1277 | F11: 565 | G11: 2202 | H11: 563 | I11: 5 | J11: 1439 | K11: 78 | L11: 117 | M11: 0 | N11: 162
A12: Natixis Bank
A13: 印尼商印尼人民銀行 | B13: 378 | C13: 330 | D13: 20 | E13: 0 | F13: 27 | G13: 279 | H13: 190 | I13: 1 | J13: 0 | K13: 27 | L13: 61 | M13: 0 | N13: 98
A14: PT Bank Rakyat Indonesia (Persero) Tbk.
A15: 韓商韓亞銀行 | B15: 67 | C15: 49 | D15: 2 | E15: 0 | F15: 15 | G15: 43 | H15: 33 | I15: 0 | J15: 0 | K15: 4 | L15: 5 | M15: 0 | N15: 24
A16: KEB Hana Bank
D42: =TEXT(D41,"##,##0") -> 0 | E42: =TEXT(E41,"##,##0") -> 0

Sheet 10-2(續二十一)
A1: 10-2 金融機構損益簡表（續二十一）
A2: 10-2 Abridged Income Statement（Cont.21）
A3: （２）外國銀行在臺分行（OBU）Local Branches of Foreign Banks (Only OBU)
D4: ='10-2'!D4:F4 -> 115年 1 - 8月 | G4: ='10-2'!G4:J4 -> Jan. - Aug. 2026 | N4: 單位：新臺幣百萬元 NT$ Million
A5: 銀 行 別 by Bank | B5: 收 益 Revenues and Gains | G5: 費 損 Expenses and Losses | M5: 其他 | N5: 稅前
B6: 總計 | C6: 利息 | D6: 手續費 | E6: 透過損益按公允價值衡量 | F6: 其他 | G6: 總計 | H6: 利息 | I6: 手續費 | J6: 透過損益按公允價值衡量 | K6: 員工福 | L6: 其他 | M6: 損益 | N6: 損益
C7: 收入 | D7: 收入 | E7: 之金融資產及負債利益 | F7: 收益 | H7: 費用 | I7: 費用 | J7: 之金融資產及負債損失 | K7: 利費用 | L7: 費損 | N7: Income
B8: Total | C8: Interest | D8: Service | E8: Gains of Financial Assets | F8: Others | G8: Total | H8: Interest | I8: Service | J8: Losses of Financial Assets | K8: Employee | L8: Others | M8: Other | N8: before
C9: Income | D9: Revenue | E9: and Liabilities at Fair Value | H9: Expense | I9: Expense | J9: and Liabilities at Fair Value | K9: Benefit | M9: Gains | N9: Income
E10: through Profit or Loss | J10: through Profit or Loss | K10: Expense | M10: and Loses | N10: Tax
A11: 總 計 | B11: 39092 | C11: 27471 | D11: 1421 | E11: 3568 | F11: 6634 | G11: 34052 | H11: 26982 | I11: 46 | J11: 2272 | K11: 699 | L11: 4053 | M11: 0 | N11: 5040
A12: Total
A13: 日商瑞穗銀行 | B13: 6196 | C13: 4750 | D13: 22 | E13: 0 | F13: 1424 | G13: 6078 | H13: 5967 | I13: 0 | J13: 0 | K13: 36 | L13: 75 | M13: 0 | N13: 117
A14: Mizuho Bank Ltd.
A15: 美商美國銀行 | B15: 232 | C15: 223 | D15: 1 | E15: 6 | F15: 2 | G15: 100 | H15: 16 | I15: 0 | J15: 5 | K15: 45 | L15: 33 | M15: 0 | N15: 132
A16: Bank of America, National Association
A17: 泰國盤谷銀行 | B17: 47 | C17: 47 | D17: 0 | E17: 0 | F17: 0 | G17: 32 | H17: 12 | I17: 0 | J17: 0 | K17: 0 | L17: 20 | M17: 0 | N17: 15
A18: Bangkok Bank Public Company Ltd.
A19: 菲律賓首都銀行 | B19: 76 | C19: 72 | D19: 3 | E19: 0 | F19: 0 | G19: 38 | H19: 46 | I19: 0 | J19: 0 | K19: 0 | L19: -8 | M19: 0 | N19: 38
A20: Metropolitan Bank and Trust Company
A21: 美商美國紐約梅隆銀行 | B21: 19 | C21: 0 | D21: 0 | E21: 0 | F21: 19 | G21: 0 | H21: 0 | I21: 0 | J21: 0 | K21: 0 | L21: 0 | M21: 0 | N21: 19
A22: The Bank of New York Mellon
A23: 新加坡大華銀行 | B23: 345 | C23: 339 | D23: 2 | E23: 2 | F23: 2 | G23: 267 | H23: 239 | I23: 0 | J23: 0 | K23: 0 | L23: 29 | M23: 0 | N23: 78
A24: United Overseas Bank
A25: 美商道富銀行 | B25: 0 | C25: 0 | D25: 0 | E25: 0 | F25: 0 | G25: 0 | H25: 0 | I25: 0 | J25: 0 | K25: 0 | L25: 0 | M25: 0 | N25: 0
A26: State Street Bank and Trust Company
A27: 法國興業銀行 | B27: 1318 | C27: 1182 | D27: 0 | E27: 136 | F27: 0 | G27: 1331 | H27: 1169 | I27: 0 | J27: 139 | K27: 3 | L27: 19 | M27: 0 | N27: -13
A28: Societe Generale
A29: 德商德意志銀行 | B29: 3469 | C29: 0 | D29: 0 | E29: 431 | F29: 3038 | G29: 2597 | H29: 2240 | I29: 0 | J29: 357 | K29: 0 | L29: 0 | M29: 0 | N29: 872
A30: Deutsche Bank AG
A31: 香港東亞銀行 | B31: 313 | C31: 301 | D31: 13 | E31: 0 | F31: 0 | G31: 185 | H31: 149 | I31: 0 | J31: 0 | K31: 19 | L31: 16 | M31: 0 | N31: 128
A32: The Bank of East Asia Ltd.
A33: 美商摩根大通銀行 | B33: 79 | C33: 43 | D33: 0 | E33: 29 | F33: 6 | G33: 50 | H33: 2 | I33: 0 | J33: 0 | K33: 0 | L33: 47 | M33: 0 | N33: 29
A34: JPMorgan Chase Bank, N.A.
A35: 新加坡商星展銀行 | B35: 1236 | C35: 1071 | D35: 32 | E35: 63 | F35: 71 | G35: 781 | H35: 714 | I35: 0 | J35: 54 | K35: 13 | L35: 0 | M35: 0 | N35: 455
A36: DBS Bank Ltd.
A37: 資料來源：金融機構申報資料（自結數）。
D42: =TEXT(D41,"##,##0") -> 0 | E42: =TEXT(E41,"##,##0") -> 0

Sheet 10-2(續二十二)
A1: 10-2 金融機構損益簡表（續二十二）
A2: 10-2 Abridged Income Statement（Cont.22）
A3: （２）外國銀行在臺分行（OBU）Local Branches of Foreign Banks (Only OBU)
D4: ='10-2'!D4:F4 -> 115年 1 - 8月 | G4: ='10-2'!G4:J4 -> Jan. - Aug. 2026 | N4: 單位：新臺幣百萬元 NT$ Million
A5: 銀 行 別 by Bank | B5: 收 益 Revenues and Gains | G5: 費 損 Expenses and Losses | M5: 其他 | N5: 稅前
B6: 總計 | C6: 利息 | D6: 手續費 | E6: 透過損益按公允價值衡量 | F6: 其他 | G6: 總計 | H6: 利息 | I6: 手續費 | J6: 透過損益按公允價值衡量 | K6: 員工福 | L6: 其他 | M6: 損益 | N6: 損益
C7: 收入 | D7: 收入 | E7: 之金融資產及負債利益 | F7: 收益 | H7: 費用 | I7: 費用 | J7: 之金融資產及負債損失 | K7: 利費用 | L7: 費損 | N7: Income
B8: Total | C8: Interest | D8: Service | E8: Gains of Financial Assets | F8: Others | G8: Total | H8: Interest | I8: Service | J8: Losses of Financial Assets | K8: Employee | L8: Others | M8: Other | N8: before
C9: Income | D9: Revenue | E9: and Liabilities at Fair Value | H9: Expense | I9: Expense | J9: and Liabilities at Fair Value | K9: Benefit | M9: Gains | N9: Income
E10: through Profit or Loss | J10: through Profit or Loss | K10: Expense | M10: and Loses | N10: Tax
A11: 法商法國巴黎銀行 | B11: 2998 | C11: 1185 | D11: 727 | E11: 1083 | F11: 4 | G11: 1677 | H11: 834 | I11: 23 | J11: 638 | K11: 0 | L11: 182 | M11: 0 | N11: 1321
A12: BNP Paribas
A13: 英商渣打銀行 | B13: 56 | C13: 38 | D13: 18 | E13: 0 | F13: 0 | G13: 13 | H13: 12 | I13: 0 | J13: 0 | K13: 0 | L13: 1 | M13: 0 | N13: 43
A14: Standard Chartered Bank
A15: 新加坡商新加坡華僑銀行 | B15: 996 | C15: 174 | D15: 1 | E15: 55 | F15: 767 | G15: 659 | H15: 15 | I15: 0 | J15: 580 | K15: 11 | L15: 53 | M15: 0 | N15: 337
A16: Oversea-Chinese Banking Corporation Ltd.
A17: 法國東方匯理銀行 | B17: 2056 | C17: 326 | D17: 40 | E17: 425 | F17: 1264 | G17: 1995 | H17: 1511 | I17: 0 | J17: 427 | K17: 0 | L17: 56 | M17: 0 | N17: 62
A18: Calyon Corporate and Investment Bank
A19: 瑞士商瑞士銀行 | B19: 3265 | C19: 1521 | D19: 486 | E19: 1257 | F19: 0 | G19: 2549 | H19: 1254 | I19: 21 | J19: 0 | K19: 468 | L19: 806 | M19: 0 | N19: 716
A20: UBS AG
A21: 荷蘭商安智銀行 | B21: 5394 | C21: 5369 | D21: 13 | E21: 2 | F21: 10 | G21: 4949 | H21: 2732 | I21: 0 | J21: 1 | K21: 0 | L21: 2216 | M21: 0 | N21: 445
A22: ING Bank, N. V.
A23: 美商富國銀行 | B23: 1 | C23: 0 | D23: 0 | E23: 0 | F23: 1 | G23: 0 | H23: 0 | I23: 0 | J23: 0 | K23: 0 | L23: 0 | M23: 0 | N23: 1
A24: Wells Fargo Bank, National Association
A25: 日商三菱日聯銀行 | B25: 3181 | C25: 3148 | D25: 1 | E25: 13 | F25: 19 | G25: 3113 | H25: 3000 | I25: 0 | J25: 12 | K25: 4 | L25: 97 | M25: 0 | N25: 68
A26: MUFG Bank
A27: 日商三井住友銀行 | B27: 6576 | C27: 6571 | D27: 3 | E27: 0 | F27: 2 | G27: 6733 | H27: 6681 | I27: 0 | J27: 0 | K27: 27 | L27: 24 | M27: 0 | N27: -157
A28: Sumitomo Mitsui Banking Corporation
A29: 美商花旗銀行 | B29: 116 | C29: 63 | D29: 52 | E29: 0 | F29: 1 | G29: -90 | H29: 35 | I29: 0 | J29: 0 | K29: 2 | L29: -127 | M29: 0 | N29: 205
A30: Citibank N. A.
A31: 香港上海滙豐銀行 | B31: 118 | C31: 118 | D31: 0 | E31: 0 | F31: 0 | G31: 111 | H31: 0 | I31: 0 | J31: 0 | K31: 0 | L31: 110 | M31: 0 | N31: 7
A32: The Hongkong and Shanghai Banking Corp.Ltd.
A33: 西班牙商西班牙對外銀行 | B33: 0 | C33: 0 | D33: 0 | E33: 0 | F33: 0 | G33: 0 | H33: 0 | I33: 0 | J33: 0 | K33: 0 | L33: 0 | M33: 0 | N33: 0
A34: Banco Bilbao Vizcaya Argentaria S.A.
A35: 澳商澳盛銀行 | B35: 835 | C35: 764 | D35: 4 | E35: 65 | F35: 3 | G35: 713 | H35: 222 | I35: 1 | J35: 58 | K35: 57 | L35: 375 | M35: 0 | N35: 122
A36: ANZ Signature Priority Banking
A37: Source：Provided by individual institution.
D42: =TEXT(D41,"##,##0") -> 0 | E42: =TEXT(E41,"##,##0") -> 0

Sheet 10-2(續二十三)
A1: 10-2 金融機構損益簡表（續二十三）
A2: 10-2 Abridged Income Statement（Cont.23）
A3: （２）外國銀行在臺分行（OBU）Local Branches of Foreign Banks (Only OBU)
D4: ='10-2'!D4:F4 -> 115年 1 - 8月 | G4: ='10-2'!G4:J4 -> Jan. - Aug. 2026 | N4: 單位：新臺幣百萬元 NT$ Million
A5: 銀 行 別 by Bank | B5: 收 益 Revenues and Gains | G5: 費 損 Expenses and Losses | M5: 其他 | N5: 稅前
B6: 總計 | C6: 利息 | D6: 手續費 | E6: 透過損益按公允價值衡量 | F6: 其他 | G6: 總計 | H6: 利息 | I6: 手續費 | J6: 透過損益按公允價值衡量 | K6: 員工福 | L6: 其他 | M6: 損益 | N6: 損益
C7: 收入 | D7: 收入 | E7: 之金融資產及負債利益 | F7: 收益 | H7: 費用 | I7: 費用 | J7: 之金融資產及負債損失 | K7: 利費用 | L7: 費損 | N7: Income
B8: Total | C8: Interest | D8: Service | E8: Gains of Financial Assets | F8: Others | G8: Total | H8: Interest | I8: Service | J8: Losses of Financial Assets | K8: Employee | L8: Others | M8: Other | N8: before
C9: Income | D9: Revenue | E9: and Liabilities at Fair Value | H9: Expense | I9: Expense | J9: and Liabilities at Fair Value | K9: Benefit | M9: Gains | N9: Income
E10: through Profit or Loss | J10: through Profit or Loss | K10: Expense | M10: and Loses | N10: Tax
A11: 法商法國外貿銀行 | B11: 0 | C11: 0 | D11: 0 | E11: 0 | F11: 0 | G11: 0 | H11: 0 | I11: 0 | J11: 0 | K11: 0 | L11: 0 | M11: 0 | N11: 0
A12: Natixis Bank
A13: 印尼商印尼人民銀行 | B13: 0 | C13: 0 | D13: 0 | E13: 0 | F13: 0 | G13: 0 | H13: 0 | I13: 0 | J13: 0 | K13: 0 | L13: 0 | M13: 0 | N13: 0
A14: PT Bank Rakyat Indonesia (Persero) Tbk.
A15: 韓商韓亞銀行 | B15: 169 | C15: 167 | D15: 3 | E15: 0 | F15: 0 | G15: 172 | H15: 130 | I15: 1 | J15: 0 | K15: 12 | L15: 30 | M15: 0 | N15: -3
A16: KEB Hana Bank
D42: =TEXT(D41,"##,##0") -> 0 | E42: =TEXT(E41,"##,##0") -> 0

Sheet 10-2(續二十四)
A1: 10-2 金融機構損益簡表（續二十四）
A2: 10-2 Abridged Income Statement（Cont.24）
A3: （３）大陸地區銀行在臺分行 Local Branches of Mainland Chinese Banks
D4: ='10-2'!D4:F4 -> 115年 1 - 8月 | G4: ='10-2'!G4:J4 -> Jan. - Aug. 2026 | N4: 單位：新臺幣百萬元 NT$ Million
A5: 銀 行 別 by Bank | B5: 收 益 Revenues and Gains | G5: 費 損 Expenses and Losses | M5: 其他 | N5: 稅前
B6: 總計 | C6: 利息 | D6: 手續費 | E6: 透過損益按公允價值衡量 | F6: 其他 | G6: 總計 | H6: 利息 | I6: 手續費 | J6: 透過損益按公允價值衡量 | K6: 員工福 | L6: 其他 | M6: 損益 | N6: 損益
C7: 收入 | D7: 收入 | E7: 之金融資產及負債利益 | F7: 收益 | H7: 費用 | I7: 費用 | J7: 之金融資產及負債損失 | K7: 利費用 | L7: 費損 | N7: Income
B8: Total | C8: Interest | D8: Service | E8: Gains of Financial Assets | F8: Others | G8: Total | H8: Interest | I8: Service | J8: Losses of Financial Assets | K8: Employee | L8: Others | M8: Other | N8: before
C9: Income | D9: Revenue | E9: and Liabilities at Fair Value | H9: Expense | I9: Expense | J9: and Liabilities at Fair Value | K9: Benefit | M9: Gains | N9: Income
E10: through Profit or Loss | J10: through Profit or Loss | K10: Expense | M10: and Loses | N10: Tax
A11: 總 計 | B11: 38306 | C11: 25375 | D11: 147 | E11: 7384 | F11: 5400 | G11: 36911 | H11: 22777 | I11: 93 | J11: 11739 | K11: 418 | L11: 1884 | M11: 0 | N11: 1395
A12: Total
A13: 大陸商中國銀行 | B13: 11124 | C13: 10164 | D13: 106 | E13: 813 | F13: 41 | G13: 11041 | H13: 9375 | I13: 61 | J13: 327 | K13: 208 | L13: 1069 | M13: 0 | N13: 83
A14: Bank of China Limited
A15: 大陸商交通銀行 | B15: 7830 | C15: 3945 | D15: 3 | E15: 2802 | F15: 1080 | G15: 7717 | H15: 3782 | I15: 6 | J15: 3644 | K15: 67 | L15: 218 | M15: 0 | N15: 114
A16: Bank of Communications Co., Ltd.
A17: 大陸商中國建設銀行 | B17: 19352 | C17: 11266 | D17: 38 | E17: 3769 | F17: 4279 | G17: 18154 | H17: 9621 | I17: 26 | J17: 7768 | K17: 142 | L17: 597 | M17: 0 | N17: 1198
A18: China Construction Bank
A37: 說 明：本表自102年1月起包含大陸地區銀行在臺分行資料。
A38: Note: Beginning Jan. 2013, the data include "Local Branches of Mainland Chinese Banks".
D42: =TEXT(D41,"##,##0") -> 0 | E42: =TEXT(E41,"##,##0") -> 0

Sheet 10-2(續二十五)
A1: 10-2 金融機構損益簡表（續二十五）
A2: 10-2 Abridged Income Statement（Cont.25）
A3: （４）票券金融公司 Bills Finance Companies
D4: ='10-2'!D4:F4 -> 115年 1 - 8月 | G4: ='10-2'!G4:J4 -> Jan. - Aug. 2026 | N4: 單位：新臺幣百萬元 NT$ Million
A5: 公 司 別 by Company | B5: 收 益 Revenues and Gains | G5: 費 損 Expenses and Losses | M5: 其他 | N5: 稅前
B6: 總計 | C6: 利息 | D6: 手續費 | E6: 透過損益按公允價值衡量 | F6: 其他 | G6: 總計 | H6: 利息 | I6: 手續費 | J6: 透過損益按公允價值衡量 | K6: 員工福 | L6: 其他 | M6: 損益 | N6: 損益
C7: 收入 | D7: 收入 | E7: 之金融資產及負債利益 | F7: 收益 | H7: 費用 | I7: 費用 | J7: 之金融資產及負債損失 | K7: 利費用 | L7: 費損 | N7: Income
B8: Total | C8: Interest | D8: Service | E8: Gains of Financial Assets | F8: Others | G8: Total | H8: Interest | I8: Service | J8: Losses of Financial Assets | K8: Employee | L8: Others | M8: Other | N8: before
C9: Income | D9: Revenue | E9: and Liabilities at Fair Value | H9: Expense | I9: Expense | J9: and Liabilities at Fair Value | K9: Benefit | M9: Gains | N9: Income
E10: through Profit or Loss | J10: through Profit or Loss | K10: Expense | M10: and Loses | N10: Tax
A11: 總 計 | B11: 28817 | C11: 18051 | D11: 4801 | E11: 4344 | F11: 1620 | G11: 18288 | H11: 12864 | I11: 34 | J11: 1428 | K11: 1799 | L11: 2164 | M11: 0 | N11: 10529
A12: Total
A13: 兆豐票券金融公司 # | B13: 7799 | C13: 5230 | D13: 1118 | E13: 872 | F13: 579 | G13: 4838 | H13: 3477 | I13: 6 | J13: 173 | K13: 437 | L13: 745 | M13: 0 | N13: 2961
A14: Mega Bills Finance Co., Ltd.
A15: 中華票券金融公司 | B15: 5836 | C15: 3507 | D15: 1342 | E15: 559 | F15: 428 | G15: 3605 | H15: 2598 | I15: -5 | J15: 249 | K15: 369 | L15: 394 | M15: 0 | N15: 2231
A16: China Bills Finance Corporation
A17: 國際票券金融公司 # | B17: 6886 | C17: 3980 | D17: 1190 | E17: 1346 | F17: 371 | G17: 4453 | H17: 2976 | I17: 6 | J17: 715 | K17: 361 | L17: 394 | M17: 0 | N17: 2434
A18: International Bills Finance Corporation
A19: 大中票券金融公司 | B19: 2076 | C19: 1184 | D19: 253 | E19: 625 | F19: 14 | G19: 1418 | H19: 855 | I19: 15 | J19: 182 | K19: 136 | L19: 229 | M19: 0 | N19: 659
A20: Dah Chung Bills Finance Corp.
A21: 台灣票券金融公司 | B21: 1357 | C21: 990 | D21: 200 | E21: 112 | F21: 55 | G21: 928 | H21: 700 | I21: 10 | J21: 36 | K21: 91 | L21: 91 | M21: 0 | N21: 429
A22: Taiwan Finance Corp.
A23: 萬通票券金融公司 | B23: 1825 | C23: 1053 | D23: 299 | E23: 448 | F23: 26 | G23: 1179 | H23: 837 | I23: -1 | J23: 19 | K23: 171 | L23: 153 | M23: 0 | N23: 646
A24: Grand Bills Finance Corporation
A25: 大慶票券金融公司 | B25: 1585 | C25: 1121 | D25: 159 | E25: 258 | F25: 47 | G25: 913 | H25: 719 | I25: 0 | J25: 14 | K25: 146 | L25: 34 | M25: 0 | N25: 672
A26: Taching Bills Finance Corporation
A27: 合作金庫票券金融公司# | B27: 1452 | C27: 986 | D27: 241 | E27: 125 | F27: 101 | G27: 954 | H27: 700 | I27: 2 | J27: 40 | K27: 88 | L27: 125 | M27: 0 | N27: 498
A28: Taiwan Cooperative Bills Finance Corporation
A37: 資料來源：金融機構申報資料（自結數）。
A38: 說 明：#係金融控股公司之子公司。
A39: Source：Provided by individual institution.
A40: Note：# refer to the subsidary of financial holding companies.
D42: =TEXT(D41,"##,##0") -> 0 | E42: =TEXT(E41,"##,##0") -> 0

Sheet 10-2(續二十六)
A1: 10-2 金融機構損益簡表（續二十六）
A2: 10-2 Abridged Income Statement（Cont.26）
A3: （５）信用合作社 Credit Cooperatives
D4: ='10-2'!D4:F4 -> 115年 1 - 8月 | G4: ='10-2'!G4:J4 -> Jan. - Aug. 2026 | N4: 單位：新臺幣百萬元 NT$ Million
A5: 信 合 社 別 by Credit Cooperative | B5: 收 益 Revenues and Gains | G5: 費 損 Expenses and Losses | M5: 其他 | N5: 稅前
B6: 總計 | C6: 利息 | D6: 手續費 | E6: 透過損益按公允價值衡量 | F6: 其他 | G6: 總計 | H6: 利息 | I6: 手續費 | J6: 透過損益按公允價值衡量 | K6: 員工福 | L6: 其他 | M6: 損益 | N6: 損益
C7: 收入 | D7: 收入 | E7: 之金融資產及負債利益 | F7: 收益 | H7: 費用 | I7: 費用 | J7: 之金融資產及負債損失 | K7: 利費用 | L7: 費損 | N7: Income
B8: Total | C8: Interest | D8: Service | E8: Gains of Financial Assets | F8: Others | G8: Total | H8: Interest | I8: Service | J8: Losses of Financial Assets | K8: Employee | L8: Others | M8: Other | N8: before
C9: Income | D9: Revenue | E9: and Liabilities at Fair Value | H9: Expense | I9: Expense | J9: and Liabilities at Fair Value | K9: Benefit | M9: Gains | N9: Income
E10: through Profit or Loss | J10: through Profit or Loss | K10: Expense | M10: and Loses | N10: Tax
A11: 總 計 | B11: 16825 | C11: 15575 | D11: 393 | E11: 118 | F11: 739 | G11: 12520 | H11: 6779 | I11: 36 | J11: 44 | K11: 3302 | L11: 2359 | M11: 0 | N11: 4304
A12: Total
A13: 台北市第五信用合作社 | B13: 483 | C13: 457 | D13: 6 | E13: 0 | F13: 20 | G13: 393 | H13: 189 | I13: 0 | J13: 0 | K13: 147 | L13: 56 | M13: 0 | N13: 90
A14: The Fifth Credit Cooperation of Taipei
A15: 基隆第一信用合作社 | B15: 774 | C15: 662 | D15: 8 | E15: 57 | F15: 48 | G15: 578 | H15: 239 | I15: 2 | J15: 14 | K15: 206 | L15: 116 | M15: 0 | N15: 197
A16: Keelung First Credit Cooperative
A17: 基隆市第二信用合作社 | B17: 699 | C17: 638 | D17: 33 | E17: 14 | F17: 14 | G17: 495 | H17: 216 | I17: 4 | J17: 2 | K17: 180 | L17: 94 | M17: 0 | N17: 203
A18: The Second Credit Cooperative of Keelung
A19: 淡水第一信用合作社 | B19: 1977 | C19: 1816 | D19: 81 | E19: 3 | F19: 77 | G19: 1620 | H19: 889 | I19: 10 | J19: 2 | K19: 343 | L19: 375 | M19: 0 | N19: 357
A20: The Tamshui First Credit Cooperative Bank
A21: 新北市淡水信用合作社 | B21: 587 | C21: 496 | D21: 11 | E21: 0 | F21: 80 | G21: 428 | H21: 202 | I21: 0 | J21: 0 | K21: 94 | L21: 132 | M21: 0 | N21: 159
A22: The Tamsui Credit Cooperative
A23: 宜蘭信用合作社 | B23: 275 | C23: 261 | D23: 5 | E23: 0 | F23: 9 | G23: 207 | H23: 129 | I23: 0 | J23: 0 | K23: 50 | L23: 29 | M23: 0 | N23: 68
A24: The Credit Cooperative of I-Lan
A25: 桃園信用合作社 | B25: 374 | C25: 341 | D25: 3 | E25: 0 | F25: 29 | G25: 282 | H25: 136 | I25: 0 | J25: 0 | K25: 102 | L25: 44 | M25: 0 | N25: 92
A26: The Credit Cooperative of Taoyuan
A27: 新竹第一信用合作社 | B27: 1361 | C27: 1308 | D27: 8 | E27: 0 | F27: 45 | G27: 909 | H27: 628 | I27: 2 | J27: 0 | K27: 141 | L27: 138 | M27: 0 | N27: 452
A28: The First Credit Cooperative of Hsin-Chu
A29: 新竹第三信用合作社 | B29: 682 | C29: 663 | D29: 3 | E29: 0 | F29: 17 | G29: 486 | H29: 311 | I29: 0 | J29: 0 | K29: 82 | L29: 93 | M29: 0 | N29: 196
A30: The Third Credit Cooperative of Hsin Chu
A31: 台中市第二信用合作社 | B31: 2011 | C31: 1916 | D31: 67 | E31: 0 | F31: 28 | G31: 1430 | H31: 904 | I31: 3 | J31: 0 | K31: 294 | L31: 229 | M31: 0 | N31: 581
A32: The Second Credit Cooperative of Taichung
A33: 彰化第一信用合作社 | B33: 406 | C33: 352 | D33: 2 | E33: 0 | F33: 52 | G33: 343 | H33: 108 | I33: 0 | J33: 0 | K33: 156 | L33: 79 | M33: 0 | N33: 62
A34: The First Credit Cooperative of Changhua
A35: 彰化第五信用合作社 | B35: 306 | C35: 289 | D35: 7 | E35: 0 | F35: 11 | G35: 241 | H35: 115 | I35: 0 | J35: 0 | K35: 87 | L35: 39 | M35: 0 | N35: 65
A36: The Fifth Credit Cooperative of Changhua
A37: 資料來源：金融機構申報資料（自結數）。
D42: =TEXT(D41,"##,##0") -> 0 | E42: =TEXT(E41,"##,##0") -> 0

Sheet 10-2(續二十七完)
A1: 10-2 金融機構損益簡表（續二十七完）
A2: 10-2 Abridged Income Statement（Cont.27 End）
A3: （５）信用合作社 Credit Cooperatives
D4: ='10-2'!D4:F4 -> 115年 1 - 8月 | G4: ='10-2'!G4:J4 -> Jan. - Aug. 2026 | N4: 單位：新臺幣百萬元 NT$ Million
A5: 信 合 社 別 by Credit Cooperative | B5: 收 益 Revenues and Gains | G5: 費 損 Expenses and Losses | M5: 其他 | N5: 稅前
B6: 總計 | C6: 利息 | D6: 手續費 | E6: 透過損益按公允價值衡量 | F6: 其他 | G6: 總計 | H6: 利息 | I6: 手續費 | J6: 透過損益按公允價值衡量 | K6: 員工福 | L6: 其他 | M6: 損益 | N6: 損益
C7: 收入 | D7: 收入 | E7: 之金融資產及負債利益 | F7: 收益 | H7: 費用 | I7: 費用 | J7: 之金融資產及負債損失 | K7: 利費用 | L7: 費損 | N7: Income
B8: Total | C8: Interest | D8: Service | E8: Gains of Financial Assets | F8: Others | G8: Total | H8: Interest | I8: Service | J8: Losses of Financial Assets | K8: Employee | L8: Others | M8: Other | N8: before
C9: Income | D9: Revenue | E9: and Liabilities at Fair Value | H9: Expense | I9: Expense | J9: and Liabilities at Fair Value | K9: Benefit | M9: Gains | N9: Income
E10: through Profit or Loss | J10: through Profit or Loss | K10: Expense | M10: and Loses | N10: Tax
A11: 彰化第六信用合作社 | B11: 1146 | C11: 955 | D11: 25 | E11: 4 | F11: 162 | G11: 800 | H11: 239 | I11: 1 | J11: 0 | K11: 296 | L11: 264 | M11: 0 | N11: 346
A12: The Sixth Credit Cooperative of Chunghua
A13: 彰化第十信用合作社 | B13: 285 | C13: 282 | D13: 2 | E13: 0 | F13: 1 | G13: 204 | H13: 97 | I13: 1 | J13: 0 | K13: 81 | L13: 25 | M13: 0 | N13: 81
A14: The Tenth Credit Cooperative of Changhua
A15: 彰化縣鹿港信用合作社 | B15: 527 | C15: 485 | D15: 7 | E15: 0 | F15: 34 | G15: 365 | H15: 205 | I15: 0 | J15: 0 | K15: 99 | L15: 60 | M15: 0 | N15: 162
A16: The Credit Cooperative of Lu Kang
A17: 嘉義市第三信用合作社 | B17: 258 | C17: 249 | D17: 4 | E17: 0 | F17: 6 | G17: 188 | H17: 110 | I17: 0 | J17: 0 | K17: 77 | L17: 1 | M17: 0 | N17: 71
A18: Chiayi The Third Credit Cooperation
A19: 臺南第三信用合作社 | B19: 514 | C19: 479 | D19: 20 | E19: 0 | F19: 16 | G19: 423 | H19: 206 | I19: 1 | J19: 0 | K19: 152 | L19: 65 | M19: 0 | N19: 90
A20: The Third Credit Co-Operative of Tainan
A21: 高雄市第三信用合作社 | B21: 1603 | C21: 1504 | D21: 54 | E21: 0 | F21: 45 | G21: 1074 | H21: 746 | I21: 1 | J21: 0 | K21: 191 | L21: 134 | M21: 0 | N21: 529
A22: The Kaohsiung Third Credit Co-Operative
A23: 花蓮第一信用合作社 | B23: 629 | C23: 595 | D23: 18 | E23: 8 | F23: 7 | G23: 535 | H23: 290 | I23: 2 | J23: 0 | K23: 154 | L23: 89 | M23: 0 | N23: 94
A24: The First Credit Cooperative of Hualien
A25: 花蓮第二信用合作社 | B25: 1531 | C25: 1454 | D25: 24 | E25: 31 | F25: 21 | G25: 1230 | H25: 678 | I25: 6 | J25: 25 | K25: 262 | L25: 260 | M25: 0 | N25: 301
A26: Hualien 2Nd Credit Cooperative
A27: 澎湖縣第一信用合作社 | B27: 103 | C27: 96 | D27: 2 | E27: 0 | F27: 5 | G27: 70 | H27: 33 | I27: 0 | J27: 0 | K27: 31 | L27: 5 | M27: 0 | N27: 32
A28: Penghu First Credit Cooperative
A29: 澎湖第二信用合作社 | B29: 179 | C29: 168 | D29: 2 | E29: 0 | F29: 9 | G29: 126 | H29: 59 | I29: 0 | J29: 0 | K29: 45 | L29: 21 | M29: 0 | N29: 53
A30: Limited Liability Penghu Second Credit Society
A31: 金門縣信用合作社 | B31: 116 | C31: 109 | D31: 3 | E31: 0 | F31: 5 | G31: 93 | H31: 50 | I31: 0 | J31: 0 | K31: 31 | L31: 11 | M31: 0 | N31: 23
A32: Kinmen Credit Cooperative
A37: Source：Provided by individual institution.
D42: =TEXT(D41,"##,##0") -> 0 | E42: =TEXT(E41,"##,##0") -> 0
